 Dungeon Crawl Stone Soup version 0.18-a0-1788-g92de1ac (webtiles) character file.

394081 ololoev the Metallomancer (level 23, -31/135 HPs)
             Began as a Gargoyle Earth Elementalist on Apr 20, 2016.
             Was the Champion of Vehumet.
             Killed from afar by a Brimstone Fiend (52 damage)
             ... with a damnation
             ... created by the effects of Hell
             ... on level 3 of Gehenna.
             The game lasted 06:06:30 (47114 turns).

ololoev the Metallomancer (GrEE)                   Turns: 47114, Time: 06:06:30

Health: -31/135    AC: 39    Str: 11    XL:     23   Next: 73%
Magic:  25/60      EV: 15    Int: 29    God:    Vehumet [******]
Gold:   188        SH:  6    Dex: 10    Spells: 9 memorised, 18 levels left

rFire  + . .     SeeInvis .     a - staff of power
rCold  + . .     Gourm    .     g - +1 troll leather armour
rNeg   + + +     Faith    .     N - +2 buckler
rPois  ∞         Spirit   .     K - +0 helmet of Mosaenie {rF+ MR+}
rElec  +         Dismiss  .     z - +2 cloak {MR+}
rCorr  .         Reflect  .     B - +0 pair of gloves
SustAt +         Harm     .     e - +0 pair of boots
MR     +++++     Clarity  +     p - amulet of magic regeneration
Stlth  ++........               C - ring of sustain attributes
                                L - +4 ring of intelligence

@: lich-form, flying, very slightly contaminated, almost entirely resistant to
hostile enchantments, unstealthy
A: big wings, slimy green scales 1, clarity, magic resistance 1, negative energy
resistance 1, shaggy fur 1, electricity resistance, weak 1, unbreathing,
petrification resistance, no device heal 1, rot immunity, AC +17
a: Stop Flying, End Transformation, Renounce Religion


Innate Abilities, Weirdness & Mutations

You are resistant to torment.
Your stone body is resilient (AC +17).
You are immune to poison.
Your large and strong wings let you fly indefinitely.
You resist negative energy.
You are resistant to electric shocks.
You can survive without breathing.
You are immune to petrification.
You are immune to rotting.
You are partially covered in slimy green scales (AC +2).
You possess an exceptional clarity of mind.
You are resistant to hostile enchantments.
You are covered in fur (AC +1).
You are weak. (Str -2)
Potions and wands are less effective at restoring your health.

Inventory:

Hand Weapons
 s - a +5 demon blade of draining
Missiles
 b - 206 stones (quivered)
Armour
 e - a +0 pair of boots (worn)
 g - a +1 troll leather armour (worn)
 z - a +2 cloak of magic resistance (worn)
 B - a +0 pair of gloves (worn)
 K - the +0 helmet of Mosaenie (worn) {rF+ MR+}
   (You found it on level 5 of the Depths)

   It protects you from fire.
   It affects your resistance to hostile enchantments.
 N - a +2 buckler (worn)
Magical Staves
 a - an uncursed staff of power (weapon)
Jewellery
 p - an amulet of magic regeneration (around neck)
 t - the cursed ring of Xom's Sleight of Hands {rC+ EV+3}
   (You took it off a red draconian on level 5 of the Depths)

   [ring of evasion]

   It affects your evasion (+3).
   It protects you from cold.
   It has a curse placed upon it.
 C - a ring of sustain attributes (right hand)
 L - a +4 ring of intelligence (left hand)
 O - an uncursed ring of protection from fire
Wands
 D - a wand of digging (9/24)
 E - a wand of disintegration (13/24)
Scrolls
 n - 2 scrolls of remove curse
 r - a scroll of enchant weapon
 u - 2 scrolls of amnesia
 v - a scroll of fog
 w - 5 scrolls of immolation
 G - 3 scrolls of recharging
 I - 3 scrolls of magic mapping
Potions
 j - a potion of cancellation
 l - 5 potions of lignification
 m - a potion of cure mutation
 o - a potion of resistance
Books
 c - a book of Geomancy

   Spells                             Type                      Level
   a - Sandblast                      Earth                        1
   b - Passwall                       Transmutation/Earth          2
   c - Stone Arrow                    Conjuration/Earth            3
   d - Petrify                        Transmutation/Earth          4
   e - Lee's Rapid Deconstruction     Earth                        5
Miscellaneous
 d - a legendary deck of escape {drawn: 4}


   Skills:
 - Level 11.4 Fighting
 - Level 2.0 Staves
 - Level 6.8 Armour
 - Level 9.2 Dodging
 - Level 2.1 Stealth
 - Level 4.6 Shields
 - Level 18.5 Spellcasting
 - Level 13.8 Conjurations
 * Level 13.6 Necromancy
 * Level 13.7 Transmutations
 - Level 22.4 Earth Magic


You had 18 spell levels left.
You knew the following spells:

 Your Spells              Type           Power        Failure   Level  Hunger
a - Sandblast             Erth           ######       0%          1    N/A
b - Stone Arrow           Conj/Erth      ######       0%          3    N/A
c - Lee's Rapid Deconstr  Erth           ########..   0%          5    N/A
d - Petrify               Trmt/Erth      #######.     0%          4    N/A
k - Ozocubu's Armour      Chrm/Ice       ####....     8%          3    N/A
n - Necromutation         Trmt/Necr      ########..   56%         8    N/A
s - Iron Shot             Conj/Erth      #######...   1%          6    N/A
t - Shatter               Erth           ########..   5%          9    N/A
w - Passwall              Trmt/Erth      #######...   0%          2    N/A


You were on level 3 of Gehenna.
You worshipped Vehumet.
Vehumet was exalted by your worship.
You were not hungry.
You were a lich.
You visited 7 branches of the dungeon, and saw 32 of its levels.
You also visited: Ossuary.

You collected 1732 gold pieces.
You spent 1544 gold pieces at shops.

#≈§≈≈≈##§≈§≈≈§≈≈§≈#......#§≈≈#
#≈≈§§≈≈§≈§≈§§..§§≈.......#≈≈≈#
##§§≈≈§§§......[.≈.#......≈≈####
#≈§.≈§≈.........≈§#...##≈≈≈§≈§#
#≈.§..........)[..∩#'##..§≈§≈§#
#...........##...>.......≈≈≈≈≈##
#.......####.#[.Z....).....≈≈§≈≈#
.......## ##.[.........##..≈≈...≈
.......####.....L[.....##..§≈....
≈≈.....##...≈...[#.#...##..≈≈...)
≈.#'#....§§≈[[..##..#.#..§.....
##..≈≈§≈...###....#.'#..... .
##.§≈≈§.)1###.###.#.##≈≈≈. ..
#...≈.........#.#...###§. #.
##........≈≈≈.#.###)####≈. #.
##§.≈≈.....§##..###..#.≈≈≈.
#..##.§≈#≈§.#..§§§§..).........

Notes
Turn   | Place    | Note
--------------------------------------------------------------
     0 | D:1      | ololoev the Gargoyle Earth Elementalist began the quest for the Orb.
     0 | D:1      | Reached XP level 1. HP: 10/10 MP: 3/3
    75 | D:1      | Reached skill level 4 in Earth Magic
   184 | D:1      | Reached XP level 2. HP: 11/15 MP: 0/5
   483 | D:1      | Learned a level 2 spell: Passwall
   790 | D:1      | Reached XP level 3. HP: 19/19 MP: 3/6
   795 | D:1      | Learned a level 3 spell: Stone Arrow
  2042 | D:2      | Found a snail-covered altar of Cheibriados.
  2139 | D:2      | Found an iron altar of Okawaru.
  2441 | D:2      | Reached skill level 5 in Earth Magic
  2506 | D:2      | You fall through a shaft for 2 floors!
  2540 | D:4      | Found a staircase to the Ecumenical Temple.
  2553 | Temple   | Entered the Ecumenical Temple
  2847 | D:4      | Reached XP level 4. HP: 24/24 MP: 4/8
  2895 | D:4      | Reached skill level 1 in Conjurations
  3252 | D:4      | Reached XP level 5. HP: 25/28 MP: 4/9
  3797 | D:3      | Found a sparkling altar of Nemelex Xobeh.
  3859 | D:5      | Entered Level 5 of the Dungeon
  3859 | D:5      | Noticed Xenophilius's ghost (novice OgAs)
  3920 | D:4      | Reached skill level 6 in Earth Magic
  4000 | D:4      | Reached XP level 6. HP: 29/32 MP: 0/11
  4188 | D:4      | Learned a level 5 spell: Lee's Rapid Deconstruction
  4573 | D:4      | Reached XP level 7. HP: 36/36 MP: 0/12
  4623 | D:4      | Reached skill level 7 in Earth Magic
  4712 | D:5      | Found Poetrih's Magic Scroll Boutique.
  4736 | D:5      | Bought a scroll of remove curse for 30 gold pieces
  4736 | D:5      | Bought a scroll of fog for 20 gold pieces
  4736 | D:5      | Bought a scroll of teleportation for 30 gold pieces
  4736 | D:5      | Bought a scroll of noise for 10 gold pieces
  4736 | D:5      | Bought a scroll of identify for 20 gold pieces
  4736 | D:5      | Bought 3 scrolls of identify for 60 gold pieces
  4736 | D:5      | Bought a scroll of identify for 20 gold pieces
  4817 | D:6      | Noticed Grinder
  4829 | D:6      | Killed Grinder
  4829 | D:6      | Reached skill level 8 in Earth Magic
  4882 | D:6      | Reached XP level 8. HP: 24/41 MP: 7/14
  4914 | D:6      | Found a sand-covered staircase.
  4950 | Ossuary  | Entered an ossuary
  5410 | D:6      | Reached skill level 9 in Earth Magic
  5462 | D:6      | Found a shimmering altar of Xom.
  5462 | D:6      | Found a burning altar of Makhleb.
  5515 | D:7      | Noticed Yehuk's ghost (novice GrFi)
  5629 | D:7      | Reached skill level 5 in Spellcasting
  5629 | D:7      | Reached skill level 5 in Conjurations
  5633 | D:7      | Noticed Pikel
  5650 | D:6      | Killed Pikel
  5650 | D:6      | Reached skill level 10 in Earth Magic
  5650 | D:6      | Reached XP level 9. HP: 36/45 MP: 0/17
  5996 | D:6      | Reached skill level 11 in Earth Magic
  6143 | D:5      | Killed Xenophilius's ghost
  6197 | D:5      | Bought a scroll of magic mapping for 35 gold pieces
  6386 | D:3      | Found a deep blue altar of Sif Muna.
  6942 | D:7      | Reached skill level 12 in Earth Magic
  6942 | D:7      | Reached XP level 10. HP: 49/50 MP: 16/20
  6986 | D:7      | Goblin1989: Достал все-таки руну из абисса
  6986 | D:7      | Noticed Duvessa
  6986 | D:7      | ololoev: gut
  6991 | D:7      | Killed Duvessa
  6992 | D:7      | Noticed Dowan
  6993 | D:7      | Killed Dowan
  7024 | D:7      | Found a glowing silver altar of Zin.
  7024 | D:7      | Found a shattered altar of Ashenzari.
  7025 | D:7      | Found a blossoming altar of Fedhas.
  7026 | D:7      | ololoev: да емана!!
  7026 | D:7      | ololoev: где вегумент???
  7026 | D:7      | ololoev: ААА!
  7026 | D:6      | Goblin1989: спустился на 4-й уровень. Потом еле дали назад вылезти.
  7026 | D:7      | ololoev: так
  7026 | D:7      | ololoev: Д2
  7026 | D:7      | ololoev: почему я его не исследовал?
  7026 | D:7      | ololoev: а
  7026 | D:7      | ololoev: я же упал
  7369 | D:2      | Noticed Crazy Yiuf
  7379 | D:2      | Killed Crazy Yiuf
  7927 | D:2      | Goblin1989: нет веха
  7932 | D:2      | ololoev: отстой какой-то
  8172 | D:8      | Noticed Grum
  8176 | D:8      | Killed Grum
  8177 | D:8      | ololoev: охохо!
  8177 | D:8      | ololoev: ваншотнул угрюма
  8604 | D:8      | Found a white marble altar of Elyvilon.
  8607 | D:8      | Found a sacrificial altar of Ru.
  8669 | D:8      | Found an opulent altar of Gozag.
  8669 | D:8      | Found an ancient bone altar of Kikubaaqudgha.
  8673 | D:8      | Found a radiant altar of Vehumet.
  8676 | D:8      | ololoev: вот он
  8681 | D:8      | Became a worshipper of Vehumet
  9090 | D:5      | Found Gomp's Gadget Boutique.
  9103 | D:5      | Found Hama's Antique Weapon Shop.
  9223 | D:5      | Gained mutation: You occasionally shout uncontrollably at your foes. [potion of mutation]
  9223 | D:5      | Gained mutation: You evolve. [potion of mutation]
  9223 | D:5      | Gained mutation: You are dopey. (Int -2) [potion of mutation]
  9797 | D:3      | Lost mutation: You are dopey. (Int -2) [evolution]
  9823 | D:3      | Reached skill level 13 in Earth Magic
 10672 | D:7      | Gained mutation: You tend to lose your temper in combat. [potion of mutation]
 10672 | D:7      | Lost mutation: You evolve. [potion of mutation]
 11142 | D:9      | Learned a level 4 spell: Petrify
 11255 | D:9      | Reached * piety under Vehumet
 11255 | D:9      | Offered knowledge of Sting by Vehumet.
 11261 | D:9      | Goblin1989: ух ты
 11262 | D:9      | ololoev: беог злится
 11264 | D:9      | Goblin1989: кто это тебя так задомажил?
 11266 | D:9      | Goblin1989: понял
 11373 | D:9      | Goblin1989: стим дрэейгон шкурка!
 11487 | D:8      | ololoev: нинужно
 11494 | D:9      | Found a shadowy altar of Dithmenos.
 11564 | D:9      | Found a staircase to the Orcish Mines.
 11602 | D:9      | Goblin1989: у нее рейтинг обремениния 0 же?
 11604 | D:9      | ololoev: да
 11728 | D:9      | Reached XP level 11. HP: 50/54 MP: 13/22
 11877 | D:9      | Reached skill level 14 in Earth Magic
 11888 | D:9      | Offered knowledge of Searing Ray by Vehumet.
 11991 | D:9      | Found Xerhiof's Book Shop.
 12048 | D:9      | Reached ** piety under Vehumet
 12055 | D:9      | Got a jewelled shield
 12063 | D:9      | Identified the +0 shield of Good Intentions {-Cast rElec Regen+} (You took it off an orc warrior on level 9 of the Dungeon)
 12153 | D:9      | jacquesderrida: aiiiiiiiiiiiiiiiiiiiiiii
 12158 | D:9      | ololoev: yo!
 12159 | D:9      | jacquesderrida: GOSPODA
 12498 | D:9      | jacquesderrida: PODAYTE NA PROPEETANYE SEEROTE
 12511 | D:9      | ololoev: lolwhat?
 12516 | D:9      | jacquesderrida: SPS
 12532 | D:10     | Entered Level 10 of the Dungeon
 12578 | D:10     | Reached skill level 1 in Fighting
 12700 | D:10     | Killed an unseen horror
 12700 | D:10     | Reached skill level 1 in Armour
 12930 | D:10     | Noticed a hill giant
 12931 | D:10     | jacquesderrida: Кошка попыталась меня убить...
 12934 | D:10     | Killed a hill giant
 12948 | D:10     | jacquesderrida: Ночью опрокинула мне на голову напольную лампу!!
 13102 | D:10     | Found Diczookk's General Store.
 13107 | D:10     | Bought a potion of berserk rage for 70 gold pieces
 13107 | D:10     | Bought a scroll of magic mapping for 49 gold pieces
 13107 | D:10     | Bought a scroll of magic mapping for 49 gold pieces
 13146 | D:10     | jacquesderrida: oche vredny koshka
 13249 | D:10     | Noticed a hill giant
 13386 | D:10     | ololoev: eto povod ne spat okolo lampy
 13389 | D:10     | Noticed a hill giant
 13397 | D:10     | Offered knowledge of Inner Flame by Vehumet.
 13399 | D:10     | Killed a hill giant
 13471 | D:11     | jacquesderrida: vybora net!!
 13573 | D:11     | Noticed a hill giant
 13590 | D:11     | Killed a hill giant
 13759 | D:11     | Found a staircase to the Lair.
 13844 | D:11     | Reached *** piety under Vehumet
 13952 | D:11     | Killed an unseen horror
 13976 | D:11     | ololoev: 2shot unseen horror
 13976 | D:11     | ololoev: rocky blast rocks!
 14166 | D:11     | Noticed a hill giant
 14170 | D:11     | Reached XP level 12. HP: 66/66 MP: 4/24
 14170 | D:11     | Reached skill level 15 in Earth Magic
 14392 | D:12     | Found an opulent altar of Gozag.
 14454 | D:12     | Offered knowledge of Static Discharge by Vehumet.
 14837 | D:12     | ololoev: шаттерд!!!!
 14837 | D:12     | ololoev: фейл 99%
 14837 | D:12     | ololoev: уже что-то!
 14906 | D:12     | jacquesderrida: Есть шанс зачистить волтс 5!!!!!!
 14915 | D:12     | ololoev: но я не пойду в волтс 5
 15013 | D:12     | jacquesderrida: Вилка чистит с вероятностью 1%
 15035 | D:12     | Goblin1989: дядя женя?
 15035 | D:12     | Goblin1989: НАПОЛЬНУЮ?
 15035 | D:12     | Goblin1989: ты на полу спишь?
 15035 | D:12     | Goblin1989: :)
 15035 | D:12     | Goblin1989: привет, кстати. :)
 15108 | D:12     | Found Faweiban's Antique Armour Boutique.
 15116 | D:12     | Bought a jewelled ring mail for 261 gold pieces
 15126 | D:12     | Identified the +4 ring mail of Tat Teif {-Cast Int+2 Dex+5} (You bought it in a shop on level 12 of the Dungeon)
 15138 | D:12     | ololoev: блин лол
 15138 | D:12     | jacquesderrida: бляяяяяяяяяяяяя
 15138 | D:12     | jacquesderrida: Denis01:43 я тебя обмажу говном, потом, ты обосрёшься от такого прихода...... и тогда, смилостивившись, я намажу хуй говном и выебу тебя.....
 15138 | D:12     | ololoev: почему я купил рингмейл?
 15138 | D:12     | ololoev: я же на шеттер коплю
 15138 | D:12     | jacquesderrida: У знакомого однокурснице пишет препод по онтологии и теории познания
 15166 | D:12     | Noticed Erolcha
 15167 | D:12     | jacquesderrida: обещает выебать обосранным хуем
 15167 | D:12     | jacquesderrida: Философы, однако
 15168 | D:12     | Killed Erolcha
 15169 | D:12     | ololoev: это строки препода?
 15206 | D:12     | jacquesderrida: Да
 15207 | D:12     | Reached **** piety under Vehumet
 15209 | D:12     | ololoev: опасный поцик
 15283 | D:12     | Goblin1989: ебанутый
 15283 | D:12     | jacquesderrida: Я бы зафорвардил, но такая функция осталась в контактике...
 15331 | D:12     | Offered knowledge of Fireball by Vehumet.
 15331 | D:12     | Reached skill level 10 in Conjurations
 15462 | D:12     | Goblin1989: сколько ему лет?
 15473 | D:13     | Found a gate to the Vaults.
 15473 | D:13     | Noticed a centaur warrior
 15473 | D:13     | Noticed Rupert
 15474 | D:13     | jacquesderrida: Denis01:36 А ты типа привыкла) я не доверяю никому...... Kira01:36 привыкла-привыкла я знаю) Denis01:36 Я сам такой) Kira01:37 какой? Denis01:37 Как ты..... Kira01:37 я какая я7 ? Denis01:37 Нас как того Демьена надо казнить.... Kira01:37 меня нет Denis01:37 резать сухожилия, чтобы кони разорвали....... Kira01:38 могу тебя убить,кстати если надо чтоб не мучился больше Denis01:40 Это не ко мне...... Ты не убивала.... Я кота своего убивал лопатой.... Kira01:40 ахахахааах ебать убийство Denis01:40 Потом валялся и рыдал под дождём..... Kira01:40 ты для виду повалялся у тебя ж сердца нет чему там переживать Denis01:41 нахуй....
 15474 | D:13     | jacquesderrida: Какая разница сколько лет?
 15474 | D:13     | jacquesderrida: Ну лет 35
 15474 | D:13     | ololoev: интересно, философы все такие поехавшие?
 15478 | D:12     | Goblin1989: бляяяяяя
 15495 | D:12     | Goblin1989: не
 15500 | D:12     | jacquesderrida: define поехавшие
 15525 | D:12     | Goblin1989: он просто вы$бывается
 15525 | D:12     | jacquesderrida: Знаток человеческой души гренлем
 15525 | D:12     | ololoev: но скорее всего да
 15525 | D:12     | ololoev: зачем убивать своего кота лопатой?
 15570 | D:13     | Goblin1989: не души
 15570 | D:13     | jacquesderrida: А какой еще философу modus operandi выбрать, наивный, что ль...
 15570 | D:13     | Goblin1989: скорее тела
 15581 | D:13     | Reached skill level 5 in Fighting
 15587 | D:13     | Goblin1989: но одно от другого зависит
 15588 | D:13     | jacquesderrida: Ну хуй знает
 15610 | D:13     | Goblin1989: ему бы в психушечку сходить
 15615 | D:13     | jacquesderrida: Этой эвристикой мы сейчас скорее о себе расскажем друг другу
 15628 | D:13     | jacquesderrida: Ну ты охуел!
 15636 | D:13     | jacquesderrida: зато он про демьена знает, а ты нет!
 15637 | D:13     | jacquesderrida: Ха!
 15645 | D:13     | jacquesderrida: Шах и мат
 15645 | D:13     | ololoev: может я вертел этого вашего демьяна
 15645 | D:13     | jacquesderrida: И про категории платона расскажет, как на духу
 15689 | D:13     | Reached skill level 5 in Armour
 15696 | D:13     | Killed a centaur warrior
 15699 | D:13     | Found a frozen archway.
 15700 | D:13     | Goblin1989: зато я знаю где находится sternoclaidomastoideus у человека
 15702 | D:13     | jacquesderrida: Если вертел демьена, то спецы по онтологии лежат вне предела вашей досягаемости!
 15703 | D:13     | Reached ***** piety under Vehumet
 15704 | D:13     | jacquesderrida: Да и хуль толку
 15706 | D:13     | jacquesderrida: Ебанутым ты никогда не будешь
 15708 | D:13     | Goblin1989: хрен вам, а не мат
 15709 | D:13     | Offered knowledge of Iron Shot by Vehumet.
 15719 | D:13     | Learned a level 6 spell: Iron Shot
 15730 | D:13     | jacquesderrida: http://www.phipsy.vsu.ru/faculty/ontology/obydenniy.html
 15730 | D:13     | jacquesderrida: нормас пацан
 15821 | D:13     | Reached skill level 16 in Earth Magic
 15856 | D:12     | Reached XP level 13. HP: 29/73 MP: 4/26
 15994 | D:12     | jacquesderrida: Кандидатская диссертация на тему «Диалектика бытия и ничто: классика и современность»
 15996 | D:12     | jacquesderrida: нойс
 15997 | D:12     | Reached skill level 5 in Dodging
 16034 | D:13     | jacquesderrida: тут тебе и плейто, и сартер
 16295 | D:13     | Goblin1989: да просто в его возрасте человек должен вести себя как-то посерьезнее
 16297 | D:13     | Goblin1989: кота он убивал
 16301 | D:13     | Goblin1989: я щенят топил, и что?
 16310 | D:13     | crauler: ^ нормально без контекста
 16316 | D:13     | Goblin1989: свинью он не колол вот к примеру
 16329 | D:13     | Goblin1989: а я да
 16409 | D:13     | crauler: духз на ЕЕ?
 16411 | D:13     | ololoev: yep
 16411 | D:13     | crauler: ебнулся
 16411 | D:13     | crauler: каждая вторая собака или летает или призрачная
 16411 | D:13     | jacquesderrida: Ебать, гремлен
 16411 | D:13     | ololoev: да норм же
 16411 | D:13     | ololoev: дис чистить
 16411 | D:13     | Goblin1989: что?
 16411 | D:13     | crauler: лол
 16411 | D:13     | jacquesderrida: Зато кира даст ему выебать себя обосранны хуем, а тебе нет
 16414 | D:13     | crauler: ну да, дис зато норм
 16419 | D:13     | jacquesderrida: Вот тебе награда за серьезность
 16465 | D:13     | Goblin1989: лол :D
 16550 | D:13     | Killed Rupert
 16598 | D:13     | Goblin1989: да накой хрен мне такие извращения? :D
 17075 | D:13     | jacquesderrida: Я не знаю
 17075 | D:13     | Goblin1989: во-первых это не гигиенично
 17077 | D:13     | jacquesderrida: Хуй стоит?
 17298 | D:14     | Goblin1989: во-вторых, НЕГЕЕНИЧНО БЛЯТЬ!
 17411 | D:14     | jacquesderrida: В том и идея
 17485 | D:14     | jacquesderrida: Интересно, есть ли люди, ебущие обосранным хуем из идеологических соображений
 17534 | D:14     | jacquesderrida: Адепты сада и жиля де ре
 17609 | D:14     | jacquesderrida: носители заветов 120 дней содома...
 17707 | D:14     | Goblin1989: ах да
 17719 | D:14     | Goblin1989: там был один такой дедушка, я читал
 17757 | D:14     | Noticed Nessos
 17761 | D:14     | Goblin1989: у него член в говне был все время
 17773 | D:14     | Killed Nessos
 17773 | D:14     | Reached skill level 17 in Earth Magic
 17817 | D:13     | jacquesderrida: Ну вот
 18047 | D:13     | jacquesderrida: Заебись чел, блаженный
 18047 | D:13     | ololoev: емана
 18047 | D:13     | ololoev: чтоза дерьмо вы развели в моем чате?
 18047 | D:13     | crauler: свежее
 18047 | D:13     | Goblin1989: ну у них там вся семейка блаженная была
 18047 | D:13     | Goblin1989: лан, замолкаем
 18047 | D:13     | Goblin1989: нето ололоев забанит )))
 18103 | D:14     | jacquesderrida: Хуясе у вас бомбит! )))
 18134 | D:14     | jacquesderrida: Сразу видно, в онтологии не шарите
 18227 | D:14     | jacquesderrida: ;^)
 18246 | D:14     | ololoev: лучшая онтология это орнитология
 18246 | D:14     | ololoev: птички прикольные
 18342 | D:14     | jacquesderrida: Мы и их обмажем!
 18344 | D:14     | jacquesderrida: Подноси!..
 18464 | D:14     | Gained mutation: Your large and strong wings let you fly indefinitely. [Gargoyle growth]
 18464 | D:14     | Reached XP level 14. HP: 82/82 MP: 21/27
 18597 | D:15     | Entered Level 15 of the Dungeon
 18902 | D:15     | Reached skill level 10 in Spellcasting
 19058 | D:15     | Found a portal to a secret trove of treasure.
 19789 | D:15     | Offered knowledge of Bolt of Magma by Vehumet.
 19906 | D:15     | Gained mutation: Your spells are a little easier to cast, but a little less powerful. [mutagenic meat]
 19909 | D:15     | Gained mutation: You evolve. [mutagenic meat]
 19910 | D:15     | Gained mutation: You are partially covered in slimy green scales (AC +2). [mutagenic meat]
 19912 | D:15     | Gained mutation: You are frail (-10% HP). [mutagenic meat]
 19913 | D:15     | Gained mutation: You rapidly evolve. [mutagenic meat]
 19914 | D:15     | ololoev: рапидли эволв!!
 19914 | D:15     | ololoev: норм!
 19924 | D:15     | crauler: lol
 20012 | D:15     | crauler: smotri
 20096 | D:15     | crauler: у меня так кляр чисто убрало
 20164 | D:15     | Gained mutation: You are partially covered in molten scales (AC +1). [evolution]
 20165 | D:15     | crauler: >lost mut:clarity
 20310 | D:15     | crauler: gained mut:sharper fingernails
 20310 | D:15     | Goblin1989: это
 20310 | D:15     | crauler: stop evolv
 20310 | D:15     | Goblin1989: почему хеллфаер такой домаговый?
 20310 | D:15     | crauler: ты кто?
 20310 | D:15     | Goblin1989: ДрТм
 20310 | D:15     | Goblin1989: http://crawl.xtahua.com/crawl/morgue/Goblin1989/Goblin1989.txt
 20310 | D:15     | jacquesderrida: Потому что армор класс игнорирует
 20310 | D:15     | namelastname112: потому что хэлфаер это пиздец
 20310 | D:15     | jacquesderrida: Пробирает до костей!!
 20310 | D:15     | Goblin1989: как-то очкую я 15 рун этим пацаном делатьть.
 20310 | D:15     | Goblin1989: Опасно черезчур
 20310 | D:15     | crauler: а че нет
 20310 | D:15     | crauler: даже негр есть
 20310 | D:15     | crauler: и торнадо
 20310 | D:15     | crauler: кблинк в конце концов
 20310 | D:15     | ololoev: гелионов слаучем чистишь
 20310 | D:15     | Goblin1989: ну так я его и делал для полноценной игры
 20310 | D:15     | ololoev: сентинелей и бримов можешь не так бояться, они редко кидают
 20310 | D:15     | Goblin1989: понял
 20310 | D:15     | crauler: ну бримы>сентинели
 20310 | D:15     | ololoev: в негре наоборот
 20538 | D:15     | Found a staircase to the Depths.
 20583 | Depths:1 | Entered Level 1 of the Depths
 20632 | D:15     | Goblin1989: еды вот мало мне кажется.
 20759 | D:15     | ololoev: да, на спеллы много уходит
 20759 | D:15     | ololoev: или у тебя тоже?
 20759 | D:15     | crauler: торнадо негр и кблинк
 20759 | D:15     | crauler: все остальное бесплатно по еде у него
 20816 | D:15     | ololoev: в негре все бесплатно
 20917 | D:15     | crauler: вот да, негр без бонусов особых к анарму, но можно торнадо спамить
 20924 | Depths:1 | crauler: да и всех кто не финд/сентинель по идее можно забить голыми руками
 20932 | D:15     | crauler: против толпы торнадо
 21128 | Depths:1 | Noticed a stone giant
 21129 | Depths:1 | Goblin1989: хм. против сарафимовской братии дракон луче статуи подходит?
 21343 | Depths:1 | Goblin1989: они вроде не ядом, не электричеством не домажат
 21355 | D:15     | Goblin1989: у дракона урон повыше будет
 21399 | D:15     | crauler: у статуи дефенсы поболе
 21652 | D:15     | Reached skill level 18 in Earth Magic
 21655 | D:15     | Goblin1989: ну я могу шифтом намазаться
 21656 | D:15     | crauler: но если не драться в окружении толпы то по идее дракон>статуя
 21771 | Depths:1 | Killed a stone giant
 21896 | Depths:1 | ololoev: обожаю железные стенки
 21896 | Depths:1 | Goblin1989: только что от серафимы свалить успел. Завтра буду демоническую руну доставать.
 21896 | Depths:1 | ololoev: у них намного больше роллов дамага для лрд
 21934 | Depths:1 | crauler: Stendarr the Magician Troll of Sif Muna *
 21934 | Depths:1 | crauler: ох лол
 21934 | Depths:1 | crauler: TrFE
 21934 | Depths:1 | xeno23: нет комбы лучше чем HoMo
 21934 | Depths:1 | crauler: no HoMo
 21934 | Depths:1 | crauler: *HOMo
 21934 | Depths:1 | xeno23: или MuCK
 21934 | Depths:1 | crauler: HECK
 21934 | Depths:1 | namelastname112: fock
 21934 | Depths:1 | namelastname112: kock
 21934 | Depths:1 | Goblin1989: да чего уж там
 21934 | Depths:1 | Goblin1989: даешь магам трога!
 21934 | Depths:1 | Goblin1989: таешь тмутерам зина!
 21934 | Depths:1 | crauler: DEBe
 21934 | Depths:1 | Goblin1989: даешь асассинам ТСО!
 22280 | Depths:1 | Gained mutation: Your mind is acute. (Int +2) [evolution]
 22336 | Depths:1 | Found a gateway to Hell.
 22493 | Depths:1 | Found a one-way gate to the infinite horrors of the Abyss.
 22526 | Depths:1 | Noticed a frost giant
 22564 | Depths:1 | Killed a frost giant
 22792 | Depths:1 | Reached XP level 15. HP: 74/80 MP: 19/29
 23280 | Depths:1 | Noticed Norris
 23358 | Depths:1 | Gained mutation: Your magical capacity is low (-10% MP). [mutagenic meat]
 23847 | Depths:2 | crauler: тролятина
 23896 | Depths:1 | ololoev: где мой мутаген, черти?
 23926 | Depths:1 | Gained mutation: You are occasionally teleported next to monsters. [mutagenic meat]
 23927 | Depths:1 | Lost mutation: You occasionally shout uncontrollably at your foes. [potion of cure mutation]
 23927 | Depths:1 | Lost mutation: Your mind is acute. (Int +2) [potion of cure mutation]
 23927 | Depths:1 | Lost mutation: Your magical capacity is low (-10% MP). [potion of cure mutation]
 23928 | Depths:1 | Lost mutation: You are frail (-10% HP). [potion of cure mutation]
 23928 | Depths:1 | Lost mutation: Your spells are a little easier to cast, but a little less powerful. [potion of cure mutation]
 23928 | Depths:1 | Lost mutation: You tend to lose your temper in combat. [potion of cure mutation]
 23929 | Depths:1 | ololoev: да чертова мутка!
 24047 | Depths:1 | Lost mutation: You are partially covered in molten scales (AC +1). [potion of cure mutation]
 24047 | Depths:1 | Lost mutation: You rapidly evolve. [potion of cure mutation]
 24048 | Depths:1 | Lost mutation: You evolve. [potion of cure mutation]
 24048 | Depths:1 | Lost mutation: You are occasionally teleported next to monsters. [potion of cure mutation]
 24049 | Depths:1 | crauler: https://www.youtube.com/watch?v=buPCzaXVX-4
 24049 | Depths:1 | crauler: НЕ
 24049 | Depths:1 | crauler: татататаТА!
 24049 | Depths:1 | crauler: НУ
 24049 | Depths:1 | crauler: татататаТА!
 24049 | Depths:1 | crauler: ЖНО
 24049 | Depths:1 | jacquesderrida: че тут
 24049 | Depths:1 | jacquesderrida: Вы чуйствуете стойло
 24191 | Depths:2 | Found a gateway to a ziggurat.
 24191 | Depths:2 | Noticed an ancient lich
 24192 | Depths:2 | Noticed an ancient lich
 24491 | Depths:1 | crauler: https://crawl.develz.org/tavern/viewtopic.php?f=19&p=265044#p265044
 24496 | Depths:1 | crauler: 18+!
 24580 | Depths:1 | ololoev: пару дней назад видел это
 24733 | Depths:2 | Reached skill level 19 in Earth Magic
 25366 | Depths:2 | ololoev: негромут!
 25661 | Depths:2 | Reached skill level 10 in Fighting
 25663 | Depths:2 | Reached XP level 16. HP: 97/97 MP: 6/31
 25989 | Depths:2 | Offered knowledge of Freezing Cloud by Vehumet.
 26051 | Depths:2 | crauler: на кой тебе посох огня?
 26051 | Depths:2 | ololoev: единственный источник рФ
 26054 | Depths:2 | crauler: лол
 26141 | Depths:2 | crauler: ты с шатром с голода не подохнешь?
 26159 | Depths:2 | crauler: а то смотрю еды НЕХВАТАТ
 26196 | Depths:2 | ololoev: подохну
 26196 | Depths:2 | ololoev: а я и так подохну наверное
 26398 | Depths:3 | Noticed a lich
 26515 | Depths:3 | Killed a lich
 26518 | Depths:2 | crauler: можно одну руну взять в аду и зиг пойти
 26518 | Depths:2 | ololoev: 2 вроде нужно
 26529 | Depths:2 | crauler: хреново
 27486 | Depths:2 | Gained mutation: You are clumsy. (Dex -2) [mutagenic meat]
 27487 | Depths:2 | Lost mutation: You are clumsy. (Dex -2) [mutagenic meat]
 27488 | Depths:2 | Gained mutation: You possess an exceptional clarity of mind. [mutagenic meat]
 27489 | Depths:2 | Gained mutation: You are weak. (Str -2) [mutagenic meat]
 27490 | Depths:2 | Gained mutation: You are resistant to hostile enchantments. [mutagenic meat]
 27645 | Depths:2 | Reached skill level 20 in Earth Magic
 28101 | Depths:3 | Found a one-way gate leading to the halls of Pandemonium.
 28248 | Depths:4 | Noticed a storm dragon
 28264 | Depths:4 | ololoev: вот тут то меня и порешат
 28264 | Depths:4 | ololoev: тут какой-то жесткач в волте должен быть
 28268 | Depths:4 | Noticed a thorn hunter
 28274 | Depths:4 | Killed a thorn hunter
 28274 | Depths:4 | Reached XP level 17. HP: 104/104 MP: 32/34
 28280 | Depths:4 | ololoev: ололо!
 28280 | Depths:4 | ololoev: ни одного хп не снял поа
 28280 | Depths:4 | ololoev: да я СТРАТЕГИЧЕСКИЙ ГРАНДМАСТЕР!
 28356 | Depths:4 | crauler: вскрывай консерву давай
 28474 | Depths:4 | Offered knowledge of Lightning Bolt by Vehumet.
 28638 | Depths:4 | ololoev: шатер 30%
 28647 | Depths:4 | crauler: маг регена нет кстати?
 28692 | Depths:4 | ololoev: на мне
 28705 | Depths:4 | crauler: норм
 28739 | Depths:4 | Got a twisted rapier
 28740 | Depths:4 | Identified the +8 rapier of Zaosiad {venom, rN+} (You found it on level 4 of the Depths)
 28770 | Depths:5 | Entered Level 5 of the Depths
 29104 | Depths:4 | ololoev: эх, взорвать бы всю эту толпу иммолейтом
 29106 | Depths:4 | crauler: металлическую стенку боишься разобрать?
 29106 | Depths:4 | ololoev: не, на мета павера не хватает пока
 29106 | Depths:4 | ololoev: я просто думаю круто было бы сломать стекло, прочитать иммо и всех взорвать
 29182 | Depths:5 | ololoev: перловка
 29182 | Depths:5 | crauler: реген круче 7 АС
 29182 | Depths:5 | ololoev: кстати тупо зделоли
 29182 | Depths:5 | crauler: ?
 29182 | Depths:5 | ololoev: надо чтобы перловка жгла мумий, гулей, вампиров и персонажей в личформе
 29227 | Depths:5 | crauler: типа что до сих пор святая?
 29231 | Depths:5 | ololoev: да
 29238 | Depths:5 | Noticed a golden dragon
 29242 | Depths:5 | crauler: ну ее же проклясть можно
 29246 | Depths:5 | Killed a golden dragon
 29249 | Depths:5 | crauler: не свят
 29284 | Depths:4 | ololoev: надо чтобы проклинать нельзя было
 29284 | Depths:4 | ololoev: как холи пушки
 29284 | Depths:4 | ololoev: флавор же!
 29284 | Depths:4 | ololoev: надо в таверне оформить, а то много предложений накопилось
 29433 | Depths:4 | crauler: отключи уже все
 29433 | Depths:4 | crauler: всм баклер выучи без штрафа
 29433 | Depths:4 | crauler: потом снова учи все подряд
 29433 | Depths:4 | ololoev: я думаю подзабить на все кроме кастинга и щитов
 29433 | Depths:4 | ololoev: хангер убивает
 29433 | Depths:4 | ololoev: э емана
 29433 | Depths:4 | ololoev: шаттер был 30%
 29433 | Depths:4 | ololoev: почему 43?
 29433 | Depths:4 | ololoev: а
 29433 | Depths:4 | ololoev: баклер жи
 29607 | Depths:5 | Reached skill level 1 in Shields
 29608 | Depths:5 | crauler: это ссаный баклер
 29616 | Depths:5 | crauler: ты его учить будешь быстрее чем ты один(максимум два) лвла в других навыках подымаешь
 29897 | Depths:5 | Identified the Papyrus of Flamy Augmentations
 29903 | Depths:5 | Learned a level 3 spell: Ozocubu's Armour
 29924 | Depths:5 | crauler: >на дваче выбирают экзек
 29985 | Depths:5 | crauler: О, у этого есть мана для девяток!
 30034 | Depths:5 | ololoev: я уже успел сострить по этому поводу
 30158 | Depths:5 | jacquesderrida: че за дваче
 30167 | Depths:5 | crauler: клоун такой
 30192 | Depths:5 | crauler: не могу перестать слушать Killer Queen, отправляйте помощь
 30289 | Depths:4 | Reached skill level 21 in Earth Magic
 30376 | Depths:3 | crauler: ты тех за стенкой из принципа не хочешь бить чтоли?
 30377 | Depths:3 | ololoev: боюсь
 30436 | Depths:4 | Reached XP level 18. HP: 86/110 MP: 15/36
 30861 | Depths:3 | Found a large runed door.
 30861 | Depths:3 | Found a large runed door.
 30882 | Depths:3 | crauler: лыжня
 30908 | Depths:2 | ololoev: нинужно скорее всего
 30908 | Depths:2 | ololoev: но заценить можно
 30908 | Depths:2 | crauler: ну да
 30908 | Depths:2 | ololoev: все равно от баклера ноль толку
 30908 | Depths:2 | crauler: проверить стоит
 30913 | Depths:2 | ololoev: вжруг там резисты и инта
 31116 | D:10     | crauler: рФ++ инт+9
 31176 | D:9      | Bought the Handbook of Envenoming and Stones for 700 gold pieces
 31186 | D:9      | Learned a level 9 spell: Shatter
 31594 | Depths:3 | Found a large runed door.
 31665 | Depths:3 | Found a large runed door.
 31669 | Depths:3 | crauler: сбоку надо подкапываться похоже
 31818 | Depths:3 | crauler: оп
 31831 | Depths:3 | Reached ****** piety under Vehumet
 31837 | Depths:2 | crauler: вскрытие показало что больной умер от вскрытия
 31927 | Depths:3 | Reached skill level 15 in Spellcasting
 32030 | Depths:3 | Found a large runed door.
 32031 | Depths:3 | Found a large runed door.
 32034 | Depths:3 | Got an iridescent lajatang {freeze}
 32040 | Depths:3 | Identified the +11 lajatang "Transmigrator" {freeze, SInv} (You took it off a deep elf high priest on level 3 of the Depths)
 32041 | Depths:3 | ololoev: синв
 32041 | Depths:3 | crauler: ммммм
 32041 | Depths:3 | ololoev: нуууу
 32041 | Depths:3 | crauler: +11
 32041 | Depths:3 | ololoev: нинужно
 32047 | Depths:3 | Found a large runed door.
 32047 | Depths:3 | Found a large runed door.
 32051 | Depths:3 | crauler: :(
 32052 | Depths:3 | ololoev: хмм
 32052 | Depths:3 | ololoev: а не РЭМБО ли я?
 32052 | Depths:3 | ololoev: не, пожалуй нет
 32085 | Depths:3 | Noticed a golden dragon
 32089 | Depths:3 | crauler: шатер хотел сделать?
 32089 | Depths:3 | Killed a golden dragon
 32090 | Depths:3 | ololoev: да
 32090 | Depths:3 | ololoev: всех бы порешил
 32093 | Depths:3 | crauler: или все тебя
 32141 | Depths:3 | Offered knowledge of Bolt of Cold by Vehumet.
 32546 | Depths:3 | ololoev: приятно было побыть рэмбо
 32649 | Depths:3 | Found a sparkling altar of Nemelex Xobeh.
 32794 | Depths:4 | ololoev: в принципе я готов
 32794 | Depths:4 | ololoev: сеять хаос и разрушения
 32796 | Depths:5 | ololoev: не, не готов
 32796 | Depths:5 | ololoev: надо храчку добыть
 32798 | Depths:5 | Noticed a quicksilver dragon
 32802 | Depths:5 | Killed a quicksilver dragon
 32815 | Depths:5 | Noticed a golden dragon
 32913 | Depths:3 | Reached XP level 19. HP: 94/115 MP: 22/39
 32946 | Depths:3 | crauler: will cast for food
 33164 | Depths:4 | Reached skill level 22 in Earth Magic
 33338 | Depths:2 | Learned a level 8 spell: Necromutation
 33456 | D:15     | crauler: ты понимаешь что ты не 15 рун берешь?
 33456 | D:15     | crauler: както дофига скиллов
 33456 | D:15     | ololoev: я понимаю что мне делать ады и зиги
 33456 | D:15     | ololoev: а что еще качать?
 33456 | D:15     | ololoev: шаттер считай готов
 33456 | D:15     | crauler: лучше сначала шаттер доведи еще процентов до 8
 33484 | D:15     | crauler: ну всм отключи его тогда к хуям
 33563 | Depths:4 | Reached skill level 1 in Transmutations
 33662 | Depths:4 | Reached skill level 1 in Necromancy
 33728 | Depths:4 | crauler: дампани
 34202 | Depths:5 | Offered knowledge of Poison Arrow by Vehumet.
 34204 | Depths:5 | Killed a golden dragon
 34479 | Depths:4 | ololoev: у меня блин охота за едой
 34479 | Depths:4 | ololoev: оббежал кучки, нашел труп, разделал, взял мясо и наверх
 34915 | Depths:5 | Got a crude tin ring
 34916 | Depths:5 | Identified the ring of Xom's Sleight of Hands {rC+ EV+3} (You took it off a red draconian on level 5 of the Depths)
 34934 | Depths:5 | Found a gate to the Realm of Zot.
 34954 | Depths:5 | BrandedWarrior: хорошо lajatang, как вижу. Да не нужен.
 35065 | Depths:5 | crauler: как там негр?
 35066 | Depths:5 | ololoev: 100% или около того
 35324 | Depths:5 | Reached skill level 5 in Transmutations
 35600 | Depths:5 | Reached skill level 5 in Necromancy
 35600 | Depths:5 | Reached XP level 20. HP: 120/120 MP: 26/41
 35717 | Depths:5 | Got a distressingly furry helmet
 35728 | Depths:5 | Identified the +0 helmet of Mosaenie {rF+ MR+} (You found it on level 5 of the Depths)
 35729 | Depths:5 | ololoev: нойс хельминт!
 35737 | Depths:5 | ololoev: transmogrifier
 36106 | Depths:5 | Reached skill level 1 in Staves
 36393 | Depths:5 | crauler: я чувствую все дойдет до момента когда ты останешься без еды и либо скастуешь некромут, либо сдохнешь
 36398 | Depths:5 | ololoev: лол
 36398 | Depths:5 | ololoev: так, надо много думать
 36398 | Depths:5 | crauler: забей на землю
 36398 | Depths:5 | ololoev: качать стейвсы или не качать
 36398 | Depths:5 | ololoev: или резко вкачивать кастинг
 36398 | Depths:5 | ololoev: или негра
 36398 | Depths:5 | namelastname112: палку земли найди
 36398 | Depths:5 | ololoev: легко сказать найди
 36398 | Depths:5 | ololoev: лол
 36398 | Depths:5 | crauler: я бы рашил негра сейчас
 36398 | Depths:5 | crauler: хотя я параноик по еде
 36398 | Depths:5 | crauler: но с другой стороны один кусок хлеба это несерьезно
 36398 | Depths:5 | crauler: или это был твой последний хлеб?
 36398 | Depths:5 | ololoev: ну у меня еще пицца там есть
 36403 | Hell     | Entered the Vestibule of Hell
 36403 | Hell     | Noticed Geryon
 36413 | Depths:5 | crauler: некроманты где
 36501 | Depths:5 | Offered knowledge of Spellforged Servitor by Vehumet.
 36657 | Hell     | Killed Geryon
 37112 | Hell     | crauler: dis?
 37295 | Hell     | Found a gateway to the ashen valley of Gehenna.
 37404 | Hell     | Found a gateway to the decaying netherworld of Tartarus.
 37430 | Hell     | ololoev: так
 37430 | Hell     | ololoev: может пойти в геенну
 37430 | Hell     | ololoev: вдруг там хеллнайтов найду кучку
 37430 | Hell     | ololoev: пожру хоть
 37487 | Hell     | crauler: депсы полностью зачищены?
 37487 | Hell     | ololoev: да
 37487 | Hell     | ololoev: норрис стоит там в эксклюде
 37487 | Hell     | ololoev: может с него чанк дропнется
 37487 | Hell     | ololoev: но идти нет смысла
 37556 | Geh:1    | Entered Level 1 of Gehenna
 37713 | Geh:1    | crauler: а вот и еда
 37760 | Geh:1    | Noticed a Brimstone Fiend
 37762 | Geh:1    | Killed a Brimstone Fiend
 37765 | Geh:1    | crauler: как только асмодея убивать будешь
 37854 | Geh:1    | Noticed a Brimstone Fiend
 37856 | Geh:1    | Killed a Brimstone Fiend
 37856 | Geh:1    | Reached XP level 21. HP: 124/125 MP: 24/42
 38216 | Geh:2    | Offered knowledge of Lehudib's Crystal Spear by Vehumet.
 38216 | Geh:2    | Offered knowledge of Chain Lightning by Vehumet.
 38216 | Geh:2    | Offered knowledge of Tornado by Vehumet.
 38469 | Hell     | namelastname112: че у тебя
 38474 | Hell     | namelastname112: хавки нет:
 38474 | Hell     | namelastname112: ?
 38474 | Hell     | namelastname112: ого
 38474 | Hell     | ololoev: 4 пиццы
 38474 | Hell     | ololoev: негр 100% пока что
 38501 | Hell     | namelastname112: 4 кусочка пиццы
 38543 | Hell     | namelastname112: так что считай полпиццы
 38560 | Hell     | namelastname112: ну в коке не пожрешь
 38560 | Hell     | namelastname112: разве что шрайков
 38560 | Hell     | namelastname112: и айс драгонов
 38560 | Hell     | namelastname112: хмм
 38563 | Hell     | crauler: геена и дис
 38567 | Hell     | namelastname112: на самом деле тебе в коке наверное норм было бы
 38618 | Hell     | namelastname112: рц есть?
 38618 | Hell     | ololoev: 1 пипка
 38618 | Hell     | namelastname112: нормально
 38622 | Hell     | xeno23: резисты не нужны
 38647 | Geh:1    | namelastname112: ну смотри
 38650 | Geh:2    | namelastname112: там можно шрайков и айс драконов жрать
 38651 | Geh:2    | namelastname112: на воду тебе похуй
 38652 | Geh:2    | namelastname112: ибо летун
 38662 | Geh:2    | namelastname112: население там преимущественно скелеты и симули
 38665 | Geh:2    | xeno23: 4 кусочка пиццы
 38669 | Geh:2    | namelastname112: которые лрдшатся
 38722 | Hell     | crauler: 3 корочки хлеба
 38722 | Hell     | xeno23: а какие руны остались?
 38722 | Hell     | namelastname112: все
 38722 | Hell     | namelastname112: вангую
 38722 | Hell     | ololoev: ничего еще не брал
 38791 | Geh:1    | xeno23: чё ты вообще тут делаешь на 21
 38791 | Geh:1    | xeno23: духз?
 38791 | Geh:1    | namelastname112: духз
 38791 | Geh:1    | ololoev: yep
 38791 | Geh:1    | xeno23: ох вау
 38989 | Geh:1    | namelastname112: гурмана не завезли?
 38998 | Geh:1    | ololoev: нет
 38998 | Geh:1    | ololoev: да ничего не завезли
 39016 | Geh:1    | crauler: даже шатер и тот купленный
 39020 | Geh:1    | Reached skill level 10 in Necromancy
 39063 | Geh:1    | namelastname112: че там по хангеру
 39066 | Geh:1    | namelastname112: покажи
 39198 | Geh:1    | ololoev: я не пойму какого хера все лестницы вниз ведут в одно и то же место
 39198 | Geh:1    | namelastname112: виза поди тоже нет
 39209 | Geh:1    | ololoev: тоже нет
 39209 | Geh:1    | ololoev: там педик с дистортом
 39209 | Geh:1    | namelastname112: пиздец
 39209 | Geh:1    | ololoev: я не хочу как в прошлый раз
 39209 | Geh:1    | namelastname112: учи тукиму
 39209 | Geh:1    | namelastname112: лол
 39209 | Geh:1    | ololoev: тоже не завезли
 39209 | Geh:1    | ololoev: хотя вроде книга маледикта была
 39209 | Geh:1    | xeno23: бан в абисс это фейл чалленджа типа?
 39209 | Geh:1    | ololoev: и мануал гексов
 39209 | Geh:1    | ololoev: да
 39209 | Geh:1    | namelastname112: да
 39209 | Geh:1    | ololoev: иначе было бы изи
 39209 | Geh:1    | xeno23: а зиги можно?
 39209 | Geh:1    | ololoev: можно
 39209 | Geh:1    | xeno23: лол
 39209 | Geh:1    | ololoev: но 2 руны надо
 39209 | Geh:1    | namelastname112: зиг 2 руны просит
 39209 | Geh:1    | namelastname112: на входе
 39209 | Geh:1    | xeno23: почему зиги можно
 39209 | Geh:1    | xeno23: это же бесконечная экспа
 39209 | Geh:1    | xeno23: и лут
 39209 | Geh:1    | ololoev: потому что портал
 39209 | Geh:1    | namelastname112: все порталы и темпл разрешены
 39209 | Geh:1    | xeno23: ну ничестна
 39209 | Geh:1    | namelastname112: ну лол
 39209 | Geh:1    | namelastname112: бесконечная экспа
 39209 | Geh:1    | ololoev: да и самое сложное это взять эти две руны
 39209 | Geh:1    | ololoev: потом изи
 39209 | Geh:1    | namelastname112: ты 2 руны вытяни
 39209 | Geh:1    | xeno23: хм
 39209 | Geh:1    | ololoev: а то что спауны в аду бесконечная экспа это норм?
 39214 | Geh:1    | xeno23: но не лут
 39218 | Geh:2    | ololoev: о
 39218 | Geh:2    | namelastname112: в аду еще бесконечный контам
 39218 | Geh:2    | namelastname112: и прочее
 39218 | Geh:2    | ololoev: теперь в другой кинуло!
 39256 | Geh:2    | Reached skill level 10 in Transmutations
 39297 | Geh:2    | ololoev: ура!
 39297 | Geh:2    | crauler: 99%
 39297 | Geh:2    | ololoev: негр поехал
 39297 | Geh:2    | xeno23: а что ты с геены начал?
 39301 | Geh:2    | crauler: LIFTOFF
 39301 | Geh:2    | ololoev: тут хеллнайты
 39301 | Geh:2    | ololoev: я чисто пожрать пришел
 39301 | Geh:2    | namelastname112: ему жрать нечего
 39301 | Geh:2    | xeno23: мм
 39379 | Geh:3    | xeno23: думаю тартар и кок не сложно будет сделать
 39379 | Geh:3    | xeno23: там ничего такого нет
 39379 | Geh:3    | namelastname112: в таре псы заебут
 39379 | Geh:3    | xeno23: пффффф
 39379 | Geh:3    | xeno23: там 2 пса на весь тартар
 39379 | Geh:3    | crauler: а че псы делают то?
 39379 | Geh:3    | namelastname112: вешают на тебя статус
 39379 | Geh:3    | crauler: я встречал пару раз, но они не успевали себя показать
 39379 | Geh:3    | namelastname112: который мобов спавнит
 39379 | Geh:3    | namelastname112: какое-то время
 39379 | Geh:3    | namelastname112: вокруг тебя
 39379 | Geh:3    | namelastname112: всяких шадоу финдов и бон драгонов
 39379 | Geh:3    | ololoev: стыдно признать, но я был бы рад если бы в данже был шоп с едой
 39379 | Geh:3    | xeno23: пришло время акварить еду
 39379 | Geh:3    | ololoev: вот аквара то нет только
 39379 | Geh:3    | ololoev: а так я бы даже не раздумывал
 39485 | Hell     | namelastname112: something appears at your feet!
 39501 | Hell     | namelastname112: a - a bread ration
 39501 | Hell     | xeno23: лол
 39501 | Hell     | crauler: 4 beef jerkies
 39501 | Hell     | xeno23: помню мне ксом за раз 5 мясных рационов дал
 39501 | Hell     | xeno23: годно было
 39501 | Hell     | xeno23: ой
 39501 | Hell     | xeno23: не 5, а 9
 39501 | Hell     | ololoev: не ври, там quantity = 3 + random2(5);
 39501 | Hell     | ololoev: 1 не будет
 39501 | Hell     | namelastname112: лол
 39501 | Hell     | namelastname112: погугли
 39501 | Hell     | namelastname112: л
 39501 | Hell     | xeno23: а куда бот пропал
 39501 | Hell     | ololoev: я его убрал
 39501 | Hell     | xeno23: я уже привык к нему
 39501 | Hell     | namelastname112: че убрал-то
 39501 | Hell     | ololoev: мешает
 39501 | Hell     | namelastname112: он хороший
 39501 | Hell     | namelastname112: он как песик
 39501 | Hell     | crauler: #bringbeemback
 39501 | Hell     | ololoev: ага, все его эвокают и он засоряет чат
 39552 | Geh:2    | Gained mutation: You are covered in fur (AC +1). [mutagenic glow]
 39554 | Geh:2    | namelastname112: кто все-то
 39572 | Hell     | xeno23: можно в дисе на 7 норм пожрать
 39572 | Hell     | xeno23: гигантов
 39572 | Hell     | ololoev: я пока до 7 дойду - помру с голоду
 39596 | Hell     | namelastname112: иди в кок
 39638 | Geh:1    | ololoev: там только шрайки и изредка некросы
 39638 | Geh:1    | namelastname112: драконы ж
 39638 | Geh:1    | ololoev: о, точно
 39638 | Geh:1    | ololoev: может реально попробовать
 39678 | Geh:2    | namelastname112: а вот в таре пиздец, не пожрешь
 39706 | Geh:2    | namelastname112: там только псин вроде пожрать можно
 39973 | Geh:1    | Reached XP level 22. HP: 130/130 MP: 44/44
 40023 | Geh:2    | crauler: сколько некры трансмутов?
 40026 | Geh:2    | namelastname112: 10 там и там
 40026 | Geh:2    | namelastname112: ммм
 40051 | Geh:2    | ololoev: блин, где бы еще один ?EW надыбать
 40062 | Geh:2    | namelastname112: а че, трова?
 40064 | Geh:2    | ololoev: да
 40064 | Geh:2    | ololoev: +7 DB
 40101 | Geh:2    | namelastname112: все проверил?
 40117 | Geh:2    | ololoev: в смысле исследовал?
 40117 | Geh:2    | ololoev: вроде почти все
 40117 | Geh:1    | namelastname112: ну мечи
 40117 | Depths:5 | ololoev: а, их да, все
 40117 | Depths:2 | ololoev: можно тут личей шугнуть
 40117 | Depths:2 | ololoev: вдруг валяется
 40117 | Depths:2 | ololoev: но шанс низкой
 40117 | D:14     | namelastname112: кстати
 40117 | D:12     | ololoev: опана!
 40117 | D:12     | namelastname112: а лесенки в деспах все чекнул?
 40117 | D:12     | namelastname112: там может волт быть
 40117 | D:12     | namelastname112: с посохами
 40117 | D:12     | ololoev: кстати да, надо чекнуть
 40117 | D:7      | namelastname112: ну давай
 40117 | D:7      | ololoev: опа, д7
 40117 | D:4      | namelastname112: гуляй
 40117 | D:2      | crauler: (это конечно неплохо, еще бы трова еды дала, а не демон блейдов новых)
 40117 | Geh:2    | namelastname112: только от голода не сдохни
 40117 | Geh:2    | namelastname112: хотя по пути сожрешь кого
 40139 | Depths:4 | namelastname112: взял бы баклер кстати
 40164 | Depths:5 | namelastname112: авось заблочит чего
 40170 | Depths:5 | ololoev: короче синв нинужно
 40364 | D:12     | namelastname112: там статуя наверное
 40407 | D:12     | namelastname112: ух ты
 40409 | D:12     | namelastname112: полезно
 40409 | D:12     | crauler: лол
 40632 | D:7      | namelastname112: ого
 40632 | D:7      | namelastname112: три фрукта
 40632 | D:7      | ololoev: 3 fruits!!
 40632 | D:7      | namelastname112: живем
 40660 | D:7      | incide: можешь в пан/абусс за едой
 40660 | D:7      | crauler: пицца кончилась?
 40676 | D:7      | ololoev: 1 осталась
 40676 | D:7      | ololoev: не могу, духз
 40676 | D:7      | namelastname112: не может
 40859 | D:7      | crauler: ЕДА
 40859 | D:7      | namelastname112: вон
 40859 | D:7      | namelastname112: смотри
 40859 | D:7      | crauler: он ходячий сташ еды
 40859 | D:7      | namelastname112: еда ходит
 40859 | D:7      | ololoev: можно на д7 приходить убивать их
 40859 | D:7      | ololoev: и жрать
 40911 | D:7      | Killed Yehuk's ghost
 40964 | D:5      | Bought a scroll of enchant weapon for 75 gold pieces
 40964 | D:5      | Bought a scroll of recharging for 95 gold pieces
 40964 | D:5      | Bought a scroll of fog for 20 gold pieces
 40964 | D:5      | crauler: где бы еще энчант достать
 40964 | D:5      | ololoev: вот блин игра незадач
 40964 | D:5      | ololoev: 1 энчанта не хватает
 40964 | D:5      | namelastname112: иди в кок
 40964 | D:5      | namelastname112: рили
 41306 | Geh:1    | crauler: некромут на вечных 99
 41373 | Geh:4    | namelastname112: вот интересно кстати
 41394 | Geh:4    | namelastname112: почему молтен гаргульи не лрдшатся
 41404 | Geh:4    | incide: молтен же, лавовые типа
 41404 | Geh:4    | incide: полужидкие
 41404 | Geh:4    | ololoev: молтен же
 41404 | Geh:4    | ololoev: расплавленный
 41585 | Geh:3    | crauler: т-1000
 41600 | Geh:3    | xeno23: хм
 41600 | Geh:3    | xeno23: а ведь можно брил сожрать
 41604 | Geh:3    | xeno23: и некромут кастануть
 41613 | Geh:3    | xeno23: ну там будет около 70%
 41613 | Geh:3    | ololoev: да, на одного негра хватит
 41613 | Geh:3    | crauler: это совсем когда отчаяние будет
 41613 | Geh:3    | ololoev: там даже лучше 70 быдет
 41652 | Geh:3    | crauler: что если кожанку снять? сколько тогда процентов?
 41655 | Geh:3    | ololoev: столько же думаю
 41655 | Geh:3    | namelastname112: вряд ли больше
 41658 | Geh:3    | namelastname112: там ер хуйня
 41658 | Geh:3    | namelastname112: у кожанки
 41658 | Geh:3    | ololoev: у меня 11 силы и армора штук 5
 41658 | Geh:3    | xeno23: там 5 или 7 вроде
 41661 | Geh:3    | namelastname112: 5 или 4
 41661 | Geh:3    | xeno23: может и станет получше
 41661 | Geh:3    | ololoev: так, это не круто
 41661 | Geh:3    | ololoev: там 4 если что
 41661 | Geh:3    | namelastname112: финд
 41691 | Hell     | crauler: под пермафлаем в лаву может кинуть
 41692 | Hell     | crauler: хм
 41692 | Hell     | ololoev: так
 41898 | Geh:3    | namelastname112: ты бы того
 41911 | Geh:3    | namelastname112: у риперов бренды тоже проверял
 41911 | Geh:3    | ololoev: у них же косы
 41911 | Geh:3    | namelastname112: ну и че
 41911 | Geh:3    | ololoev: а
 41911 | Geh:3    | crauler: дисто будет
 41911 | Geh:3    | ololoev: чтобы не дисторт
 41911 | Geh:3    | ololoev: это да
 41911 | Geh:3    | ololoev: забываю
 41925 | Geh:3    | xeno23: а вот если можно лрдшить скелетов
 41925 | Geh:3    | crauler: еда!
 41925 | Geh:3    | xeno23: значит и простых гуманоидов тоже
 41925 | Geh:3    | ololoev: жрачкаааа!
 41925 | Geh:3    | namelastname112: низя
 41925 | Geh:3    | xeno23: ведь у них внитри тоже скелет
 41925 | Geh:3    | ololoev: вот лол кстати
 41925 | Geh:3    | namelastname112: у них мясо сверх
 41925 | Geh:3    | namelastname112: у
 41925 | Geh:3    | xeno23: ну и что
 41925 | Geh:3    | namelastname112: вот почему нельзя личей
 41925 | Geh:3    | ololoev: смотрте из чего состоит ран
 41925 | Geh:3    | namelastname112: непонятно
 41925 | Geh:3    | crauler: должны распидорашиваться и на чанки
 41925 | Geh:3    | ololoev: враги особо не опасные
 41925 | Geh:3    | crauler: личи маги
 41925 | Geh:3    | crauler: может типо какаято хуйня от лрд
 41925 | Geh:3    | ololoev: потихоньку всех мочу
 41925 | Geh:3    | ololoev: но вот стоит живому человеку появиться в лосе: ЕДАА!
 41925 | Geh:3    | xeno23: личи и так дохнут от одной сетки
 41931 | Geh:3    | xeno23: куда им еще лрд-унижение
 41954 | Geh:3    | xeno23: вот почему хэлл сентинелов нельзя
 41960 | Geh:3    | xeno23: они же механические
 41962 | Geh:3    | crauler: у тебя 33 АС
 41977 | Geh:3    | crauler: можно не бегать от скеле-лрд
 41981 | Geh:3    | crauler: он же тройной АС чекает
 41991 | Geh:3    | namelastname112: можно просто
 41991 | Geh:3    | namelastname112: дверь закрыть
 41996 | Geh:3    | ololoev: так откроет же
 41996 | Geh:3    | namelastname112: че там негр
 41996 | Geh:3    | ololoev: ручки есть
 41996 | Geh:3    | incide: олсо, регеном пользуйся, когда для хп отдыхаешь
 41996 | Geh:3    | xeno23: они не могут
 41996 | Geh:3    | namelastname112: лол
 41996 | Geh:3    | namelastname112: скелет не умеет
 41996 | Geh:3    | namelastname112: в двери
 41996 | Geh:3    | incide: меньше ходов и еды тратишь
 41996 | Geh:3    | ololoev: регена нет
 41996 | Geh:3    | incide: а
 41996 | Geh:3    | incide: пичалька
 41996 | Geh:3    | ololoev: он продается, но 400 голда надо
 41996 | Geh:3    | ololoev: а нетуть
 42003 | Geh:3    | xeno23: ох ну ты и бомж
 42006 | Geh:3    | xeno23: 188г в аду
 42008 | Geh:3    | crauler: еды нет, денег нет
 42008 | Geh:3    | namelastname112: да у него и еды нет
 42010 | Geh:3    | xeno23: ну лол
 42010 | Geh:3    | namelastname112: какой реген
 42010 | Geh:3    | xeno23: совсем бомж
 42025 | Hell     | crauler: >tfw главная опасность в игре не враги а бедность и голод
 42051 | Hell     | namelastname112: куда ты всю еду-то просрал?
 42054 | Hell     | ololoev: сожрал вестимо!
 42054 | Hell     | namelastname112: иди личей шугани
 42054 | Hell     | ololoev: зачем?
 42054 | Hell     | ololoev: все равно зигануть не пустят
 42054 | Hell     | namelastname112: вдруг они свиток прячут
 42054 | Hell     | namelastname112: да и экспа
 42055 | Hell     | namelastname112: за личей норм дадут
 42069 | Hell     | crauler: пока чанки есть можно и сходить
 42069 | Hell     | incide: ну вон, видишь, в адах стейрдансит, каждый раз вниз по лесенкам бегает
 42069 | Hell     | ololoev: ладно, еда есть пока
 42069 | Hell     | incide: конечно еды не будет
 42141 | Depths:2 | Killed an ancient lich
 42142 | Depths:2 | Killed an ancient lich
 42151 | Depths:2 | namelastname112: че сверху
 42266 | Geh:2    | namelastname112: я просрал
 42295 | Geh:4    | namelastname112: че сверху было
 42296 | Geh:4    | namelastname112: лол
 42300 | Geh:4    | namelastname112: от личей
 42301 | Geh:4    | ololoev: ничего
 42301 | Geh:4    | ololoev: пусто
 42301 | Geh:4    | namelastname112: грустно
 42340 | Geh:4    | xeno23: the +2 pair of boots "Gisseyta" {rF- Regen+ Int+10 Dex+4}
 42340 | Geh:3    | ololoev: черт
 42340 | Geh:3    | ololoev: жрачка была на 3м уровне
 42410 | Geh:4    | namelastname112: вот тебе
 42411 | Geh:4    | namelastname112: жрачка
 42412 | Geh:4    | crauler: держи новую
 42416 | Geh:4    | namelastname112: целый пак
 42423 | Geh:4    | crauler: как все еде то рады
 42423 | Geh:4    | ololoev: это первый мой ран когда я рад хелл эффектам
 42423 | Geh:4    | namelastname112: голодная гаргулья
 42423 | Geh:4    | namelastname112: пришла в ад
 42423 | Geh:4    | namelastname112: жрать
 42451 | Geh:4    | crauler: проигрываю с этой нищеты
 42454 | Geh:4    | namelastname112: перестал бы кстати спеллкастинг качать
 42454 | Geh:4    | namelastname112: быстрее мутировал бы
 42465 | Geh:4    | crauler: каст стоит 36 вкачать
 42468 | Geh:4    | crauler: некр и тмут по 18
 42468 | Geh:4    | namelastname112: че
 42468 | Geh:4    | namelastname112: 36
 42468 | Geh:4    | ololoev: зато сейчас каст жрачку немного экономит
 42468 | Geh:4    | namelastname112: 94
 42468 | Geh:4    | crauler: скилл кост написано же
 42468 | Geh:4    | namelastname112: ммм
 42468 | Geh:4    | ololoev: вон шот почти бесплатен
 42468 | Geh:4    | crauler: когда м жмешь
 42468 | Geh:4    | ololoev: а его я юзаю
 42637 | Geh:3    | namelastname112: 88
 42638 | Geh:3    | namelastname112: скоро очень скоро
 42639 | Geh:3    | crauler: сколько ходов ты уже в геене блуждаешь?
 42652 | Geh:3    | crauler: 5к примерно
 42652 | Geh:3    | ololoev: ага
 42656 | Geh:3    | namelastname112:
 37556 | Geh:1    | Entered Level 1 of Gehenna
 42823 | Geh:3    | ololoev: так
 42823 | Geh:3    | ololoev: чет я перестремал
 42823 | Geh:3    | ololoev: зря шаттерил
 42846 | Geh:3    | crauler: ну три хелфаера весьма неприятно на гарге
 42849 | Geh:3    | crauler: жрал точно зря
 42853 | Geh:3    | namelastname112: ух
 42863 | Geh:3    | namelastname112: как бьет-то
 43023 | Geh:4    | namelastname112: негр че там
 43030 | Geh:4    | ololoev: 88
 43057 | Geh:4    | incide: лол, и экипировка тоже бомжовая
 43068 | Geh:4    | namelastname112: ну хоть резисты есть
 43081 | Geh:4    | incide: дико невезучая горгулья
 43086 | Geh:4    | crauler: шлемак только норм
 43094 | Geh:4    | crauler: справедливости ради, где на духз экипировку брать
 43097 | Geh:4    | crauler: только у оки
 43177 | Geh:4    | namelastname112: везение качай
 43247 | Geh:4    | Reached XP level 23. HP: 134/135 MP: 45/45
 43261 | Geh:4    | crauler: последний брилл
 43294 | Geh:4    | crauler: надо короче пускатся в г7
 43308 | Geh:5    | namelastname112: маппинг завезли,
 43310 | Geh:5    | namelastname112: ?
 43312 | Hell     | crauler: 3
 43312 | Hell     | namelastname112: пойдет
 43320 | Hell     | ololoev: норм, жрачка идет!
 43391 | Geh:5    | ololoev: так
 43391 | Geh:5    | incide: можешь комбу замутить: пьешь брилл, кастуешь некромут, а потом его рефрешишь постоянно с низким % уже без брилла
 43391 | Geh:5    | ololoev: демонблейд пропустил
 43391 | Geh:5    | namelastname112: он заебется
 43391 | Geh:5    | incide: там из опасных для мертвяка мискастов только статлосс
 43391 | Geh:5    | crauler: я уже собирался предлагать в г7, квафать брил и идти в последний бой
 43391 | Geh:5    | ololoev: да не
 43391 | Geh:5    | ololoev: вытяну сейчас
 43391 | Geh:5    | namelastname112: 80 уже
 43391 | Geh:5    | namelastname112: не так плохо
 43391 | Geh:5    | ololoev: короче раш негра
 43395 | Geh:5    | incide: негр визардри добавляет, кстати?
 43399 | Geh:5    | incide: или убрали?
 43420 | Geh:1    | namelastname112: нет
 43422 | Geh:2    | namelastname112: лол
 43422 | Geh:2    | ololoev: нт
 43422 | Geh:2    | namelastname112: не добавлял никогда же
 43422 | Geh:2    | ololoev: он дает павер к некре
 43422 | Geh:2    | namelastname112: тупо энхансер
 43422 | Geh:2    | namelastname112: некроты
 43578 | Geh:5    | namelastname112: много говна
 43581 | Geh:5    | namelastname112: жаль труп нельзя подобрать больше
 43584 | Geh:5    | namelastname112: мог бы воровать их
 43729 | Geh:2    | namelastname112: там кстати еще дблейд выпал
 43733 | Geh:2    | ololoev: ага
 43764 | Geh:2    | namelastname112: ммм
 43764 | Geh:2    | ololoev: с дистортом
 43764 | Geh:2    | namelastname112: лол
 43766 | Geh:3    | namelastname112: придется свиток тратить
 43792 | Geh:3    | namelastname112: если есть вообще
 43794 | Geh:4    | ololoev: нет
 43794 | Geh:4    | namelastname112: хуево
 43794 | Geh:4    | crauler: лол
 43794 | Geh:4    | ololoev: на деку эскейпа просрал
 43794 | Geh:4    | crauler: НИЧЕГО НЕТ
 43894 | Geh:5    | namelastname112: лол
 43895 | Geh:5    | namelastname112: удобно
 43908 | Geh:1    | namelastname112: 2 фрукта
 43908 | Geh:1    | namelastname112: пиздец
 44237 | Geh:6    | xeno23: а это всё из-за того
 44241 | Geh:6    | xeno23: что пидоры ядовитое мясо убрали
 44241 | Geh:6    | namelastname112: опа
 44242 | Geh:6    | namelastname112: хангри гост
 44242 | Geh:6    | xeno23: лол
 44242 | Geh:6    | incide: ахахахаа
 44242 | Geh:6    | namelastname112: топ-угроза
 44246 | Geh:6    | namelastname112: бля
 44246 | Geh:6    | namelastname112: не помри
 44246 | Geh:6    | namelastname112: вон
 44246 | Geh:6    | incide: ТОЛЬКО ОТ ГОЛОДА
 44246 | Geh:6    | namelastname112: ща саламандра пожрешь
 44248 | Geh:6    | namelastname112: зайди в кок на первый этаж
 44248 | Geh:6    | ololoev: надо подумать
 44248 | Geh:6    | namelastname112: выцепи дракона
 44248 | Geh:6    | namelastname112: похавай
 44252 | Geh:6    | xeno23: хмммм
 44254 | Geh:6    | namelastname112: лол блять
 44254 | Geh:6    | ololoev: азазазазазаза
 44254 | Geh:6    | namelastname112: это че было
 44254 | Geh:6    | ololoev: ололололол
 44254 | Geh:6    | namelastname112: за карта
 44254 | Geh:6    | incide: дисперсал вытащил
 44254 | Geh:6    | xeno23: лол
 44254 | Geh:6    | namelastname112: а
 44254 | Geh:6    | ololoev: f[f[f[f
 44254 | Geh:6    | namelastname112: норм
 44254 | Geh:6    | namelastname112: ло
 44254 | Geh:6    | ololoev: ololo
 44254 | Geh:6    | namelastname112: лол
 44254 | Geh:6    | xeno23: я даже не знал о такой карте
 44254 | Geh:6    | namelastname112: ты смотри блять
 44254 | Geh:6    | ololoev: чет меня проперло ржать
 44254 | Geh:6    | incide: солитюд, работает так же как дисперсал, только сильнее
 44254 | Geh:6    | ololoev: сижу как дебил
 44254 | Geh:6    | namelastname112: эксайл вытянешь
 44254 | Geh:6    | namelastname112: и пиздец
 44259 | Hell     | incide: та чо пиздец, абусс легче адов
 44259 | Hell     | namelastname112: ему нельщя
 44334 | Depths:1 | namelastname112: нельзя
 44334 | Depths:1 | namelastname112: в абисс
 44335 | Depths:1 | namelastname112: вообще
 44411 | D:15     | incide: а, бранчлесс?
 44413 | D:15     | namelastname112: да
 44424 | D:14     | namelastname112: лол
 44458 | D:12     | incide: яснопонятно
 44458 | D:12     | namelastname112: трупы не кидают
 44459 | D:12     | namelastname112: суки
 44472 | D:12     | namelastname112: я прям представляю
 44563 | D:7      | incide: тогда уж мумией надо, челлендж тот зимний
 44613 | D:5      | namelastname112: как голодная гаргулья с бешеным ебалом
 44613 | D:5      | namelastname112: бежит к трупу
 44615 | D:6      | namelastname112: и жрет руками
 44635 | D:4      | incide: чтобы вообще анус
 44661 | D:4      | xeno23: ты на выход собрался?
 44708 | D:4      | crauler: куда бежишь?
 44716 | D:4      | namelastname112: да еду ищет
 44716 | D:4      | incide: он за едой пошел
 44716 | D:4      | ololoev: жрать
 44716 | D:4      | crauler: лол
 44939 | D:15     | xeno23: чё толку то
 45034 | Hell     | xeno23: пока вернешься в ад опять проголодаешься
 45034 | Hell     | ololoev: ну вот я теперь сытый в вестибюле
 45034 | Hell     | ololoev: был вери хангри
 45034 | Hell     | crauler: иди в новый бранч
 45036 | Hell     | namelastname112: а был вери хангри
 45036 | Hell     | crauler: как вариант
 45036 | Hell     | namelastname112: 69
 45037 | Hell     | namelastname112: о
 45040 | Hell     | crauler: лол
 45042 | Hell     | namelastname112: висп
 45047 | Hell     | namelastname112: годно
 45144 | Hell     | incide: чо там про вери хангри было
 45165 | Hell     | Found a gateway to the freezing wastes of Cocytus.
 45176 | Hell     | namelastname112: да ща пожрет
 45176 | Hell     | ololoev: ну не прокатило с негром
 45177 | Coc:1    | Entered Level 1 of Cocytus
 45181 | Coc:1    | crauler: если найдет
 45184 | Coc:1    | crauler: ХАНГРИ ГОСТ
 45192 | Coc:1    | incide: а сколько по челленджу надо рун
 45197 | Coc:1    | crauler: вот ужас летящий на крыльях ночи
 45199 | Coc:1    | incide: все адовые?
 45202 | Coc:1    | namelastname112: 4
 45211 | Coc:1    | namelastname112: и убить всех
 45214 | Coc:1    | namelastname112: уууу
 45216 | Hell     | namelastname112: нихуя себе
 45363 | Coc:1    | namelastname112: тебе прописали
 45368 | Hell     | namelastname112: лол
 45368 | Hell     | ololoev: AAAAAAAAAAA!
 45368 | Hell     | xeno23: ой лол
 45368 | Hell     | namelastname112: и труп не кинул
 45368 | Hell     | namelastname112: пидор
 45371 | Coc:1    | incide: а, так резистов нихуя нет
 45376 | Coc:1    | incide: и последний персик доел
 45389 | Coc:1    | namelastname112: ну это очко
 45425 | Coc:2    | crauler: qBrill and recast Necromut for eternty?
 45436 | Coc:2    | namelastname112: бля
 45436 | Coc:2    | incide: йеп, тут больше вариантов нет
 45437 | Coc:2    | namelastname112: ты куда бежишь
 45452 | Coc:2    | crauler: this is your life now
 45521 | Hell     | namelastname112: мммм
 45535 | Hell     | xeno23: смерть мерзкая от контама красного
 45536 | Hell     | namelastname112: пиздец
 45536 | Hell     | namelastname112: сука
 45567 | Depths:1 | Gained mutation: Potions and wands are less effective at restoring your health. [mutagenic glow]
 45582 | Depths:1 | namelastname112: иди
 45582 | Depths:1 | namelastname112: рабов
 45587 | Depths:1 | namelastname112: жри
 45615 | Depths:1 | namelastname112: вон
 45617 | Depths:1 | crauler: это пиздец
 45620 | Depths:1 | namelastname112: норрис
 45620 | Depths:1 | namelastname112: лол
 45620 | Depths:1 | namelastname112: вкусный
 45620 | Depths:1 | xeno23: мута чанки дают сатиэйшн?
 45620 | Depths:1 | namelastname112: стоит
 45620 | Depths:1 | namelastname112: не
 45620 | Depths:1 | namelastname112: снимают
 45620 | Depths:1 | ololoev: нет вроде
 45620 | Depths:1 | incide: не, мута не дают
 45620 | Depths:1 | incide: норриса иди жри
 45620 | Depths:1 | crauler: дерево когда то давало же питание?
 45620 | Depths:1 | namelastname112: жаль, что дерево больше еды не дает
 45620 | Depths:1 | incide: все равно тебе пиздец
 45620 | Depths:1 | ololoev: да не, на старвинге не покастуешь
 45620 | Depths:1 | namelastname112: ну
 45620 | Depths:1 | namelastname112: у него есть еще ходов 200
 45622 | Depths:1 | namelastname112: примерно
 45625 | Depths:1 | namelastname112: я думаю
 45638 | Depths:1 | crauler: демон блейд в руки
 45654 | D:15     | incide: ходи и ори
 45682 | D:15     | incide: может, кто-то вкусный тебя найдет
 45724 | D:13     | namelastname112: ОВЦЫ
 45727 | D:13     | xeno23: ох
 45729 | D:13     | incide: БАРАНИНКА
 45736 | D:13     | namelastname112: вкусные овцы
 45736 | D:13     | namelastname112: мммм
 45738 | D:13     | incide: шашлык, ара
 45740 | D:13     | crauler: как же я проигрываю с этого рана
 45742 | D:13     | namelastname112: блять
 45742 | D:13     | namelastname112: пиздец инвалидство
 45742 | D:13     | crauler: беар гриллз отдыхает
 45742 | D:13     | xeno23: бля, почему тут нельзя чанки жарить
 45742 | D:13     | xeno23: и делать пермафуд
 45742 | D:13     | namelastname112: новый спелл
 45742 | D:13     | incide: на пердаке своем он их жарить будет
 45742 | D:13     | namelastname112: necroservation
 45743 | D:13     | namelastname112: лвл 5 некр/тмут
 45743 | D:13     | crauler: conservation
 45772 | D:12     | namelastname112: консервирует еду
 45797 | D:12     | crauler: make CONSERVI
 45844 | D:14     | xeno23: тогда уж огонь/чарм
 45865 | D:15     | namelastname112: алсо
 45929 | Depths:1 | namelastname112: смотри
 45929 | Depths:1 | xeno23: типа жарит ее
 45930 | Depths:1 | namelastname112: тебе силу сняло
 45934 | Depths:1 | namelastname112: броня теперь жмет
 45969 | Hell     | namelastname112: и потому некромут ниже шансом
 45969 | Hell     | crauler: броню попробую снять
 45969 | Hell     | crauler: каждый процент сейчас нужен
 45974 | Hell     | crauler: *попробуй
 45974 | Hell     | crauler: 54%
 45974 | Hell     | xeno23: ой вэй
 45979 | Hell     | namelastname112: ты щиты качал?
 45979 | Hell     | xeno23: 20%
 45979 | Hell     | ololoev: 54 норм
 45979 | Hell     | ololoev: щиты на 4
 45979 | Hell     | ololoev: хватает
 45979 | Hell     | namelastname112: норм
 45979 | Hell     | ololoev: пойду в геенну
 45979 | Hell     | ololoev: еще немного качнуться и чанков надыбать
 45979 | Hell     | ololoev: а там на некроте жить буду
 46005 | Geh:1    | incide: для полного яда надо было гозага взять
 46005 | Geh:1    | namelastname112: ну тебе надо хотя бы 50
 46039 | Geh:3    | incide: и питаться в гастрономах
 46051 | Geh:3    | namelastname112: у него денег нет
 46062 | Geh:3    | namelastname112: на гозага
 46064 | Geh:3    | namelastname112: лол
 46100 | Geh:4    | crauler: ты настолько бедный что зина тебе должен деньги давать
 46163 | Geh:5    | incide: кстати, кика вроде позволяет трупы заказывать
 46170 | Geh:5    | xeno23: ну да кстати
 46173 | Geh:5    | incide: правда, не знаю, спавнит ли он сьедобные
 46173 | Geh:5    | xeno23: спавнит
 46200 | Geh:6    | crauler: почему его вампы и берут
 46204 | Geh:6    | namelastname112: вкусный саламандр
 46209 | Geh:6    | incide: С Т Р А Т Е Г И Я М А Л Ь Ч И К И
 46217 | Geh:6    | crauler: если там естьчто
 46232 | Hell     | ololoev: кучи еды!
 46232 | Hell     | namelastname112: пиздец конечно
 46275 | Geh:1    | incide: хмм
 46275 | Geh:1    | namelastname112: тебе знаешь как надо делать
 46275 | Geh:1    | namelastname112: короче
 46275 | Geh:1    | namelastname112: смотри
 46275 | Geh:1    | incide: а гурман тебе выпадал?
 46275 | Geh:1    | ololoev: нет конечно
 46275 | Geh:1    | namelastname112: вот у тебя там пастбище хавки
 46275 | Geh:1    | namelastname112: иди в другой бранч
 46275 | Geh:1    | namelastname112: еби там все
 46275 | Geh:1    | namelastname112: потом в геену
 46278 | Geh:1    | xeno23: отъедаться
 46278 | Geh:1    | xeno23: лол
 46278 | Geh:1    | namelastname112: вытаскивай одного
 46278 | Geh:1    | namelastname112: жри
 46278 | Geh:1    | namelastname112: и так далее
 46278 | Geh:1    | ololoev: кстати вариант
 46278 | Geh:1    | incide: ходить в геенну за едой
 46278 | Geh:1    | incide: ахуй
 46278 | Geh:1    | xeno23: я думаю там хэллнайты в геене охуели уже от такого
 46282 | Geh:1    | namelastname112: асмодей сидит
 46295 | Hell     | namelastname112: пялит там в шар хрустальный на тебя
 46295 | Hell     | namelastname112: и думает
 46295 | Hell     | namelastname112: "пиздец ебанутый"
 46319 | Hell     | Found a gateway to the Iron City of Dis.
 46327 | Hell     | namelastname112: "лишь бы до меня не добрался"
 46327 | Hell     | crauler: ага, сначала думал такой
 46327 | Hell     | xeno23: лол
 46327 | Hell     | ololoev: тогда в дисе качаться лучше
 46327 | Hell     | ololoev: там половина врагов лрдшится и стены жесткие
 46328 | Dis:1    | Entered Level 1 of the Iron City of Dis
 46329 | Dis:1    | namelastname112: смерть мерзкая от гиганта
 46336 | Dis:1    | crauler: гигант же съедобен?
 46336 | Dis:1    | xeno23: ну они на 7 обычно
 46340 | Dis:1    | namelastname112: их хэлл эффектом спавнит
 46426 | Geh:4    | xeno23: а вот кстати
 46431 | Geh:4    | xeno23: при 0 армора
 46483 | Geh:5    | xeno23: сколько силы надо чтоб вообще не было + к мискасту
 46500 | Geh:5    | xeno23: ну допустим в троллеарморе
 46500 | Geh:5    | namelastname112: скилл армора разве влияет вообще
 46500 | Geh:5    | ololoev: хз
 46500 | Geh:5    | ololoev: скилл влияет, да
 46502 | Geh:6    | ololoev: блин
 46502 | Geh:6    | ololoev: дисторт
 46502 | Geh:6    | ololoev: придется их месить
 46502 | Geh:6    | ololoev: всех
 46502 | Geh:6    | namelastname112: скелета
 46502 | Geh:6    | ololoev: [jnz ctqxfc hfphek.
 46502 | Geh:6    | namelastname112: взорви
 46505 | Geh:6    | namelastname112: так-то
 46505 | Geh:6    | xeno23: хватай еду
 46506 | Geh:6    | xeno23: и беги
 46506 | Geh:6    | ololoev: лесенку закроют
 46506 | Geh:6    | ololoev: сейчасодин подойдет
 46506 | Geh:6    | crauler: справа лестница
 46506 | Geh:6    | ololoev: а может и успею направо
 46506 | Geh:6    | namelastname112: с мечом вон парень
 46506 | Geh:6    | ololoev: все медленные вроде
 46506 | Geh:6    | namelastname112: ща подойдет
 46663 | Dis:1    | namelastname112: че там негр
 46678 | Hell     | xeno23: хм
 46691 | Hell     | xeno23: риперы тоже не лрдшатся
 46692 | Hell     | crauler: может ирон шот вместо лрд?
 46702 | Hell     | crauler: если ты по одному врагу бьешь
 46711 | Hell     | namelastname112: риперы демоны
 46711 | Hell     | ololoev: 41!
 46711 | Hell     | crauler: буклю сними
 46711 | Hell     | crauler: проверь
 46713 | Hell     | namelastname112: букля не мешает
 46770 | Hell     | crauler: ееееее
 46776 | Hell     | namelastname112: шатай теперь
 46776 | Hell     | ololoev: нет, скилла хватает
 46928 | Dis:1    | crauler: машинка по тихой заводится
 47046 | Geh:3    | namelastname112: ты либо лича скастку
 47052 | Geh:3    | crauler: а че предупреждение о снятии некры экспло не остановило?
 47052 | Geh:3    | namelastname112: скастуй
 47065 | Geh:3    | namelastname112: либо броню напяль
 47069 | Geh:3    | namelastname112: бегает тут в трусах
 47070 | Geh:3    | incide: это надо в rc прописывать
 47072 | Geh:3    | incide: чтобы предупреждало
 47084 | Geh:3    | crauler: для этой игры стоит прописать
 47093 | Geh:3    | crauler: а то еще сдохнет выйдя из лича без еды
 47114 | Geh:3    | Killed from afar by a Brimstone Fiend

Dungeon Overview and Level Annotations

Branches:
Dungeon (15/15) Temple (1/1) D:4 Lair (0/8) D:11 Orc (0/2) D:9 Vaults (0/5) D:12 D:13 Depths (5/5) D:15 Hell (1/1) Dis (1/7) Hell Geh (6/7) Hell Coc (3/7) Hell Tar (0/7) Hell Zot (0/5) Depths:5

Altars:
Ashenzari
Cheibriados
Dithmenos
Elyvilon
Fedhas
Gozag
Kikubaaqudgha
Makhleb
Nemelex Xobeh
Okawaru
Pakellas
Qazlal
Ru
Sif Muna
Trog
Vehumet
Xom
Yredelemnul
Zin
The Shining One

Shops:
D:5 (}   D:9 :   D:10 *   D:12 [

Portals:
Hell: Depths:1 Depths:2 Depths:3 Depths:4 Depths:5
Abyss: Depths:1 Depths:2 Depths:4
Pandemonium: Depths:3 Depths:5
Ziggurat: Depths:2
Trove: D:15 (give +7 demon blade)

Annotations:
Depths:1 Norris
Depths:3 6 runed doors


Message History

The blast of rock fragments hits the efreet.
You kill the efreet!
Vehumet accepts your kill.
The blast of rock fragments hits the ettin zombie.
The blast of rock fragments hits the wolf spider zombie.
The wolf spider zombie hits you but does no damage.
The wolf spider zombie closely misses you.
The ettin zombie hits you!!
The ettin zombie hits you but does no damage.
Unknown command.
Unknown command.
Casting: Lee's Rapid Deconstruction
Confirm with . or Enter, or press ? or * to list all spells.
Aiming: Lee's Rapid Deconstruction
Press: ? - help, Dir - move target cursor That beam is likely to hit you.
Continue anyway?
The wall shatters!
The blast of rock fragments hits the ettin zombie.
The blast of rock fragments hits the wolf spider zombie.
You destroy the wolf spider zombie!
Vehumet accepts your kill.
You feel your power returning.
Unknown command.
Unknown command.
Unknown command.
Casting: Lee's Rapid Deconstruction
Confirm with . or Enter, or press ? or * to list all spells.
Aiming: Stone Arrow
Press: ? - help, Shift-Dir - straight line, f - ettin zombie
Aim: an ettin zombie The stone arrow hits the ettin zombie.
The ettin zombie hits you.
The ettin zombie hits you but does no damage.
Casting: Stone Arrow
Confirm with . or Enter, or press ? or * to list all spells.
Aiming: Stone Arrow
Press: ? - help, Shift-Dir - straight line, f/p - ettin zombie
Aim: an ettin zombie The stone arrow hits the ettin zombie.
The ettin zombie hits you but does no damage.
The ettin zombie hits you.
Casting: Stone Arrow
Confirm with . or Enter, or press ? or * to list all spells.
Aiming: Stone Arrow
Press: ? - help, Shift-Dir - straight line, f/p - ettin zombie
Aim: an ettin zombie The stone arrow hits the ettin zombie.
You destroy the ettin zombie!
Vehumet accepts your kill.
You feel your power returning.
Casting: Stone Arrow
Confirm with . or Enter, or press ? or * to list all spells.
You can't see any susceptible monsters within range! (Use Z to cast anyway.)
Things that are here:
a chain mail; an enchanted war axe You see here a scythe of venom.
A gut-wrenching scream fills the air!
A Brimstone Fiend comes into view.
Things that are here:
a robe; a dagger of venom The Brimstone Fiend gestures at you.
The damnation unfurls!
The damnation engulfs you!
Casting: Stone Arrow
Confirm with . or Enter, or press ? or * to list all spells.
Aiming: Iron Shot
Press: ? - help, Shift-Dir - straight line, f - Brimstone Fiend
Aim: a Brimstone Fiend The iron shot hits the Brimstone Fiend.
The Brimstone Fiend is heavily wounded.
The Brimstone Fiend gestures at you.
The damnation unfurls!
The damnation engulfs you!
Casting: Iron Shot
Confirm with . or Enter, or press ? or * to list all spells.
Aiming: Iron Shot
Press: ? - help, Shift-Dir - straight line, f/p - Brimstone Fiend
Aim: a Brimstone Fiend (heavily wounded)
The iron shot hits the Brimstone Fiend.
The Brimstone Fiend is severely wounded.
The Brimstone Fiend gestures at you.
The damnation unfurls!
The damnation engulfs you!
You die...

You could see a Brimstone Fiend and a golden dragon skeleton.

Vanquished Creatures
  2 ancient liches (Depths:2)
  Geryon (Hell)
  3 golden dragons
  17 Brimstone Fiends
  An Ice Fiend (Geh:3)
  A Hell Sentinel (Geh:4)
  A tentacled monstrosity (Hell)
  Rupert (D:13)
  5 liches
  2 quicksilver dragons (Depths:5)
  A sphinx (Depths:5)
  4 storm dragons
  A thorn hunter (Depths:4)
  A shadow dragon (Hell)
  4 tengu reavers
  An azure jelly (Depths:4)
  4 draconian monks (Depths:5)
  5 balrugs
  4 fire giants
  An iron dragon (Depths:3)
  5 frost giants
  An orc warlord (Depths:4)
  A cacodemon (Hell)
  A draconian scorcher (Depths:5)
  10 very ugly things
  2 draconian annihilators (Depths:5)
  2 spriggan defenders (Depths:2)
  Nessos (D:14)
  2 war gargoyles
  19 reapers
  A vampire knight (Depths:4)
  14 stone giants
  8 salamander stormcallers
  5 black draconians (Depths:5)
  4 red draconians (Depths:5)
  4 green draconians (Depths:5)
  3 white draconians (Depths:5)
  A lorocyproca (Hell)
  2 spark wasps (Depths:5)
  3 purple draconians (Depths:5)
  6 ettins
  A deep elf death mage (Depths:5)
  2 blizzard demons
  A green death (Hell)
  A crystal guardian (Depths:4)
  9 entropy weavers
  A minotaur (Depths:4)
  A quicksilver dragon zombie (Geh:3)
  14 fire dragons
  7 great orbs of eyes
  A quicksilver dragon skeleton (Geh:4)
  8 yaktaur captains
  A deep elf high priest (Depths:3)
  6 ice dragons
  A juggernaut simulacrum (Depths:2)
  3 hydras
  4 rakshasas
  6 spriggan air magi
  A hell beast (Hell)
  Erolcha (D:12)
  A catoblepas (Depths:4)
  7 centaur warriors
  A death knight (D:14)
  A vampire mage (Depths:1)
  10 ogre magi
  6 tengu warriors
  6 deep troll earth magi
  7 deep troll shamans
  13 hell hogs
  A shock serpent (Depths:4)
  A satyr (shapeshifter) (Depths:5)
  6 soul eaters
  14 sun demons
  100 hell knights
  An iron golem (Geh:1)
  4 titan zombies
  8 spriggan berserkers
  2 storm dragon zombies (Geh:3)
  A golden dragon zombie (Dis:1)
  4 iron trolls
  2 fire crabs (Depths:4)
  A salamander mystic (Geh:3)
  5 titan skeletons
  5 anaconda zombies
  2 shadow wraiths
  3 skeletal warriors
  2 storm dragon skeletons
  6 deep trolls
  A death drake (Depths:5)
  6 flayed ghosts
  Pikel (D:6)
  A giant orange brain (Depths:2)
  The ghost of Xenophilius the Basher, a novice OgAs of Gozag (D:5)
  4 shadow dragon zombies
  10 hill giants
  A sphinx zombie (Depths:1)
  A lindwurm (shapeshifter) (Depths:2)
  An anaconda skeleton (Hell)
  The ghost of Yehuk the Protected, a novice GrFi (D:7)
  5 unseen horrors
  2 fire giant zombies
  An iron dragon zombie (Depths:2)
  29 necromancers
  3 wolf spider zombies
  An orb spider (shapeshifter) (Depths:1)
  2 phantasmal warriors (Geh:4)
  3 golden dragon skeletons
  2 tengu zombies
  A salamander (shapeshifter) (Depths:4)
  An orc knight (D:12)
  6 lindwurms
  15 salamanders
  30 ugly things
  A frost giant zombie (Depths:1)
  2 harpies (Depths:5)
  A wolf spider (D:15)
  3 shadow dragon skeletons
  3 manticores
  A manticore (shapeshifter) (Depths:2)
  A stone giant zombie (Depths:1)
  2 iron dragon skeletons (Geh:4)
  3 sphinx skeletons
  A dire elephant zombie (Dis:1)
  5 cyclopes
  A sixfirhy (Depths:5)
  3 stone giant skeletons
  2 elf zombies
  4 fire giant skeletons
  3 frost giant skeletons
  5 rust devils
  An ice statue (Hell)
  4 smoke demons
  A shock serpent zombie (Geh:3)
  A black mamba (shapeshifter) (Depths:2)
  A kobold demonologist (D:11)
  2 molten gargoyles
  3 orange demons
  2 dire elephant skeletons
  An emperor scorpion zombie (Geh:3)
  2 freezing wraiths
  2 spriggan zombies (Depths:2)
  6 efreet
  18 hellions
  2 anaconda simulacra (Hell)
  12 tormentors
  21 yaktaurs
  A yaktaur (shapeshifter) (Depths:2)
  A harpy zombie (Geh:1)
  3 ice devils
  33 red devils
  A golden dragon simulacrum (Depths:2)
  3 jumping spiders
  A komodo dragon (D:11)
  2 hydra zombies
  7 tengu conjurers
  8 trolls
  A raiju (Depths:4)
  21 two-headed ogres
  2 wind drakes (Depths:5)
  A two-headed ogre (shapeshifter) (Depths:1)
  4 hydra skeletons
  A harpy skeleton (Geh:1)
  Grinder (D:6)
  A boulder beetle (Depths:4)
  17 slime creatures
  3 fire dragon zombies
  4 ettin zombies
  4 air elementals
  An alligator zombie (Hell)
  17 redbacks
  A fire giant simulacrum (Depths:3)
  6 ice dragon skeletons
  51 flying skulls
  A vampire (D:15)
  An ettin skeleton (Geh:2)
  4 tarantellas
  3 water elementals
  A black mamba zombie (Geh:4)
  14 wraiths
  11 yaks
  A spriggan skeleton (Depths:2)
  5 spriggans
  2 elf skeletons (Depths:3)
  16 shadows
  2 wyverns
  17 humans
  25 fire elementals
  A steam dragon (D:9)
  5 hippogriffs
  4 hungry ghosts
  Grum (D:8)
  9 vampire mosquitoes
  A human zombie (Depths:3)
  A harpy simulacrum (Depths:4)
  A soldier ant (D:14)
  A mottled dragon (D:15)
  53 hell hounds
  3 water moccasins
  Duvessa (D:7)
  2 spiny frog zombies
  A torturous demonspawn skeleton (Hell)
  A giant eyeball (Depths:5)
  2 spiny frog skeletons
  8 orc warriors
  2 merfolk skeletons
  4 swamp drakes (Depths:5)
  6 phantoms
  4 sky beasts
  A black bear (D:10)
  5 wasps
  An eye of draining (D:12)
  12 ice beasts
  A snapping turtle zombie (Geh:3)
  An ettin simulacrum (Depths:2)
  3 wolves
  16 necrophages
  A swamp dragon zombie (Dis:1)
  4 manticore skeletons
  A swamp dragon skeleton (Geh:1)
  28 ogres
  4 snapping turtle skeletons
  21 centaurs
  A big kobold (D:13)
  9 giant frogs
  A wyvern zombie (D:12)
  A gnoll sergeant (D:7)
  Dowan (D:7)
  A water moccasin skeleton (D:12)
  5 scorpions
  8 killer bees
  56 wights
  9 howler monkeys
  An electric eel (D:12)
  13 crimson imps
  2 quasits
  3 jellies
  4 giant frog zombies
  4 centaur zombies
  8 hounds
  11 orc priests
  Crazy Yiuf (D:2)
  An iron imp (Depths:3)
  17 orc wizards
  4 giant frog skeletons
  2 human skeletons
  6 centaur skeletons
  5 iguanas
  8 worker ants
  7 sheep
  3 killer bee zombies
  A naga zombie (Geh:3)
  A big kobold zombie (Ossuary)
  A hound zombie (D:6)
  A hound skeleton (D:7)
  6 mummies
  A howler monkey zombie (D:6)
  18 adders
  11 gnolls
  7 shadow imps
  3 white imps
  An ufetubus (Depths:3)
  An ooze (D:6)
  A worm zombie (D:6)
  2 adder skeletons
  3 dart slugs
  7 giant geckos
  58 orcs
  5 ball pythons
  11 giant cockroaches
  11 goblins
  13 hobgoblins
  9 jackals
  16 kobolds
  7 quokkas
  8 bats
  2 giant gecko skeletons (D:4)
  6 giant newts
  A goblin zombie (Ossuary)
  A hobgoblin zombie (Ossuary)
  A jackal skeleton (D:4)
  2 kobold zombies (Ossuary)
  2 orc zombies (Ossuary)
  A quokka zombie (D:10)
  8 rats
  A fire vortex (Hell)
  3 plants (Depths:5)
1625 creatures vanquished.

Vanquished Creatures (collateral kills)
  An ice dragon (Depths:3)
  A yaktaur (Depths:3)
2 creatures vanquished.

Vanquished Creatures (others)
  2 eldritch tentacles
  3 hell hogs
  A necromancer (Geh:5)
  2 flying skulls
  A black bear (D:7)
  2 hell hounds (Geh:3)
  3 slaves (D:7)
  A swamp drake (Depths:5)
  A phantom (Geh:5)
  A manticore skeleton (Geh:3)
  An ogre (D:7)
  A centaur (D:7)
  A giant frog (D:7)
  2 wights
  A quasit (D:7)
  A worker ant (D:7)
  A naga zombie (Geh:1)
  An adder (D:7)
  153 eldritch tentacle segments
  A fire vortex (Geh:2)
  A fungus (D:2)
  2 plants (Depths:5)
183 creatures vanquished.

Grand Total: 1810 creatures vanquished

Action                   |  1- 3 |  4- 6 |  7- 9 | 10-12 | 13-15 | 16-18 | 19-21 | 22-24 || total
-------------------------+-------+-------+-------+-------+-------+-------+-------+-------++-------
Melee: Unarmed           |     8 |       |       |       |       |       |       |       ||     8
       Short sword       |     4 |     3 |       |       |       |       |       |       ||     7
       Whip              |       |     1 |    11 |    54 |     5 |       |       |       ||    71
       Staff             |       |       |       |       |       |       |     3 |     6 ||     9
       Demon blade       |       |       |       |       |       |       |       |    24 ||    24
 Cast: Sandblast         |    58 |    62 |    62 |   104 |   219 |   177 |     8 |     2 ||   692
       Stone Arrow       |    12 |    23 |    76 |   236 |   207 |   140 |   234 |   317 ||  1245
       Passwall          |     1 |       |       |       |       |       |       |       ||     1
       Lee's Rapid Decon |       |       |    12 |   105 |    84 |   140 |   110 |   152 ||   603
       Petrify           |       |       |       |    11 |     1 |     8 |     1 |       ||    21
       Iron Shot         |       |       |       |     4 |   116 |   162 |   240 |   110 ||   632
       Ozocubu's Armour  |       |       |       |       |       |     1 |       |       ||     1
       Shatter           |       |       |       |       |       |    14 |    70 |    42 ||   126
       Necromutation     |       |       |       |       |       |       |       |     6 ||     6
 Abil: Fly               |       |       |       |       |     2 |     1 |     2 |       ||     5
       Stop Flying       |       |       |       |       |     2 |       |     2 |       ||     4
Evoke: Wand              |       |       |       |       |       |     1 |       |       ||     1
       Deck              |       |       |       |       |       |       |     1 |     3 ||     4
  Use: Scroll            |     3 |     1 |    11 |    15 |    14 |    13 |     6 |     2 ||    65
       Potion            |       |     1 |       |     3 |    10 |     4 |    12 |     2 ||    32
 Stab: Sleeping          |       |       |     1 |     2 |       |       |       |       ||     3
  Eat: Chunk             |     8 |     2 |     9 |    52 |    56 |    45 |    60 |    36 ||   268
       Meat ration       |       |     1 |       |       |     1 |       |       |       ||     2
       Bread ration      |       |       |     1 |       |     6 |     6 |     1 |       ||    14
       Beef jerky        |       |       |     1 |     2 |     1 |       |       |       ||     4
       Fruit             |       |       |       |       |     2 |       |       |     3 ||     5
       Pizza             |       |       |       |       |       |     2 |     7 |     2 ||    11
       Royal jelly       |       |       |       |       |       |       |     1 |       ||     1
Armor: Robe              |    20 |    14 |    33 |       |       |       |       |       ||    67
       Leather armour    |       |       |       |   142 |   174 |       |       |       ||   316
       Troll leather arm |       |       |       |       |    32 |   320 |   310 |   403 ||  1065
       Skin              |       |       |       |       |       |       |       |    10 ||    10
Dodge: Dodged            |    32 |    31 |    40 |   137 |   192 |   311 |   447 |   381 ||  1571
Block: Buckler           |       |       |       |       |       |    54 |    22 |   198 ||   274

Vault maps used:
D:1:      dpeg_arrival_rooms_c
D:2:      wad_river_or_something, lemuel_doored_altar, cheibriados_altar_1,
          eino_tiny_chamber, minivault_5, uniq_crazy_yiuf_cottage
D:3:      nemelex_xobeh_ov_fountains_minmay, led_sif_book
D:4:      minmay_temple_entry_statues_fountains, first_bread, amalloy_card_club
D:5:      serial_shops, shop, nicolae_shop_behind_doors, shop_coins
D:6:      grunt_temple_overflow_champion_of_chaos, enter_ossuary_3, uniq_grinder
D:7:      gammafunk_temple_overflow_forgotten, uniq_pikel, uniq_duvessa
D:8:      nicolae_overflow_hidden_temple, grunt_pizzeria, uniq_grum
D:9:      grunt_dithmenos_shadows, hiddenorc2_lemuel, serial_shops, shop,
          minivault_4, minmay_misc_feat_diagonals, kennysheep_generic_room_11
D:10:     serial_shops, shop
D:11:     lair_0_dummy
D:12:     statuecave_lemuel, serial_shops, shop_fountains,
          nicolae_gozag_cash_rules_everything_around_me, uniq_erolcha
D:13:     david_vaults_3, portal_ice_cave_entry_ice_beasts
D:14:     uniq_nessos
D:15:     grunt_enter_depths_snipers, enter_trove_3, minmay_misc_feat_alley
Temple:   hc_temple_tempest_star_small
Depths:1: abyss_entry_crystal, grunt_hell_entry_dis_old,
          kennysheep_cross_bottleneck, nrook_loot_triangle,
          minmay_misc_feat_room, grunt_ministairs_9, dk_noncrumbling_4,
          roderic_lattice_a, kennysheep_generic_room_12, serial_bayou_shore_b,
          uniq_norris
Depths:2: kennysheep_ambush_hall, enter_ziggurat_c, lightli_too_deep,
          abyss_entry
Depths:3: minmay_five_octagons, grunt_pan_entry_zigzag, hell_entry,
          serial_column_ruins, column_ruins_hut, column_ruins_grid_1,
          column_ruins_corridor_dead_end, column_ruins_open_small,
          nemelex_diamond_rough_becter
Depths:4: hangedman_opposites_gauntlet, abyss_entry,
          hangedman_tar_grid_catacomb, nicolae_twisting_strands,
          infiniplex_staircase_pool_1, serial_bayou_shore_b
Depths:5: lemuel_castle_with_subvaults, hex_tiny, rand_demon_pan_entry_9,
          hell_entry, hangedman_aviary
Geh:1:    nicolae_geh_fiery_graves
Geh:5:    grunt_megastairs_1
Coc:3:    lemuel_elevator
Ossuary:  ossuary_crypta
